 Dungeon Crawl Stone Soup version 0.19-a0-288-g67c72eb (console) character file.

18410033 Lososik the End of an Era (level 27, 243/249 HPs)
             Began as a Demonspawn Fighter on May 24, 2016.
             Was the Champion of Qazlal.
             Escaped with the Orb
             ... and 15 runes on May 27, 2016!
             The game lasted 12:11:46 (84635 turns).

Lososik the End of an Era (Demonspawn Fighter)     Turns: 84635, Time: 12:11:47

Health: 243/249    AC: 51    Str: 45    XL:     27
Magic:  52/65      EV: 36    Int: 17    God:    Qazlal [******]
Gold:   15795      SH: 20    Dex: 20    Spells: 5 memorised, 50 levels left

rFire  + . .     SeeInvis +     a - +9 broad axe (elec)
rCold  + + .     Gourm    .     L - +8 orange crystal plate armour {Archmagi, Int+3 Clar SustAt}
rNeg   + + +     Faith    +     H - +3 warlock's mirror {reflect}
rPois  .         Spirit   .     (helmet unavailable)
rElec  +         Dismiss  .     s - +2 cloak "Yshap" {Str+3}
rCorr  +         Reflect  +     z - +1 pair of gloves "Lurhoarr" {rCorr Str+6 Int-3 SInv}
SustAt +         Harm     .     Z - +0 pair of boots "Damoc" {rC+ MP+9}
MR     +++..     Clarity  +     g - amulet "Goutahaq" {Faith +Blink rC+ Str+3}
Stlth  ..........               v - ring "Vabri" {rElec MR+ Str+4 Slay+3}
                                R - ring of Wufan {rElec rN++ MP+9 Int+4}

@: mighty, agile, mildly poisoned (243 -> 243), protected from physical damage,
repel missiles, extremely resistant to hostile enchantments, extremely
unstealthy
A: horns 3, fire resistance 1, ignite blood, negative energy resistance 1,
powered by death 3, 50% torment resistance, black mark, flame cloud immunity,
sturdy frame 3
a: Upheaval, Elemental Force, Disaster Area, Renounce Religion, Evoke Blink
0: Orb of Zot
}: 15/15 runes: barnacled, slimy, silver, golden, iron, obsidian, icy, bone,
abyssal, demonic, glowing, magical, fiery, dark, gossamer


You escaped.
You worshipped Qazlal.
Qazlal was exalted by your worship.
You were very full.

You visited 18 branches of the dungeon, and saw 93 of its levels.
You visited Pandemonium 4 times, and saw 34 of its levels.
You visited the Abyss 5 times.
You visited 1 ziggurat, and saw 21 of its levels.
You also visited: Trove, Ossuary, Ice Cave and Wizlab.

You collected 16877 gold pieces.
You spent 1082 gold pieces at shops.

Inventory:

Hand Weapons
 a - a +9 broad axe of electrocution (weapon)
 V - the +9 battleaxe "Ycvy" {flame, *Drain MR+ Int+2 Dex+4}
   (You found it on level 5 of the Vaults)

   It has been specially enchanted to burn those struck by it, causing extra
   injury to most foes and up to half again as much damage against particularly
   susceptible opponents.
   Big, fiery blades are also staple armaments of hydra-hunters.
   It affects your intelligence (+2).
   It affects your dexterity (+4).
   It affects your resistance to hostile enchantments.
   It causes draining when unequipped.
Armour
 s - the +2 cloak "Yshap" (worn) {Str+3}
   (You found it in Pandemonium)

   It affects your strength (+3).
 z - the +1 pair of gloves "Lurhoarr" (worn) {rCorr Str+6 Int-3 SInv}
   (You found it on level 8 of the Lair of Beasts)

   It affects your strength (+6).
   It affects your intelligence (-3).
   It lets you see invisible.
   It protects you from acid and corrosion.
 G - a +11 gold dragon armour
 H - the +3 warlock's mirror (worn) {reflect}
   (You acquired it in Pandemonium)
 L - the +8 orange crystal plate armour (worn) {Archmagi, Int+3 Clar SustAt}
   (You found it on level 3 of the Elven Halls)

   It affects your intelligence (+3).
   It sustains your strength, intelligence and dexterity.
   It protects you against confusion.
 O - the +3 buckler "Syjud" {rF+ rC+}
   (You found it on level 11 of a ziggurat)

   It protects you from fire.
   It protects you from cold.
 Z - the +0 pair of boots "Damoc" (worn) {rC+ MP+9}
   (You found it on level 3 of the Crypt)

   It protects you from cold.
   It affects your magic capacity (+9).
Magical Staves
 b - an uncursed staff of wizardry
Rods
 f - a +6 rod of shadows (12/12)
   (You found it on level 21 of a ziggurat)
 q - a +4 rod of clouds (13/13)
   (You found it on level 7 of the Iron City of Dis)
Jewellery
 d - the ring "Poqu" {Ice +Blink Str+3 Int+6 Dex+3}
   (You found it on level 5 of a ziggurat)

   [ring of ice]

   It enhances your ice magic, and weakens your fire magic.
   It affects your strength (+3).
   It affects your intelligence (+6).
   It affects your dexterity (+3).
   It makes you vulnerable to fire.
   It protects you from cold.
   It lets you blink.
 e - the ring of Qopt {SustAt rPois rC++ Stlth+}
   (You found it on level 20 of a ziggurat)

   [ring of sustain attributes]

   It sustains your strength, intelligence and dexterity.
   It greatly protects you from cold.
   It protects you from poison.
   It makes you more stealthy.
 g - the amulet "Goutahaq" (around neck) {Faith +Blink rC+ Str+3}
   (You found it on level 14 of a ziggurat)

   [amulet of faith]

   It allows you to gain divine favour quickly.
   It affects your strength (+3).
   It protects you from cold.
   It lets you blink.
 u - the ring "Vaots" {rPois rN+++ MR++ Dex-4 Stlth+}
   (You took it off a deep elf mage on level 2 of the Elven Halls)

   [ring of stealth]

   It affects your dexterity (-4).
   It protects you from poison.
   It renders you almost immune to negative energy.
   It affects your resistance to hostile enchantments.
   It makes you more stealthy.
 v - the ring "Vabri" (right hand) {rElec MR+ Str+4 Slay+3}
   (You found it on level 4 of a ziggurat)

   [ring of protection from magic]

   It affects your strength (+4).
   It affects your accuracy and damage with ranged weapons and melee attacks
   (+3).
   It insulates you from electricity.
   It affects your resistance to hostile enchantments.
 R - the ring of Wufan (left hand) {rElec rN++ MP+9 Int+4}
   (You found it on level 19 of a ziggurat)

   [ring of magical power]

   It affects your intelligence (+4).
   It insulates you from electricity.
   It greatly protects you from negative energy.
   It affects your magic capacity (+9).
Wands
 j - a wand of digging (11/24)
 o - a wand of teleportation (6/9)
 D - a wand of heal wounds (4/9)
Scrolls
 i - 24 scrolls of identify
 n - 4 scrolls of immolation
 r - 45 scrolls of remove curse
 t - 2 scrolls of fear
 y - 2 scrolls of summoning
 E - 8 scrolls of blinking
 I - 16 scrolls of recharging
 M - 16 scrolls of teleportation
 P - 18 scrolls of fog
 T - 4 scrolls of enchant weapon
Potions
 h - 7 potions of magic
 k - 32 potions of curing
 m - 2 potions of flight
 A - 8 potions of cure mutation
 B - a potion of brilliance
 C - 15 potions of ambrosia
 J - 4 potions of invisibility
 K - 3 potions of cancellation
 N - 5 potions of resistance
 Q - 5 potions of agility
 U - a potion of lignification
 W - 12 potions of heal wounds
Books
 F - a book of Geomancy

   Spells                             Type                      Level
   a - Sandblast                      Earth                        1
   b - Passwall                       Transmutation/Earth          2
   c - Stone Arrow                    Conjuration/Earth            3
   d - Petrify                        Transmutation/Earth          4
   e - Lee's Rapid Deconstruction     Earth                        5
Miscellaneous
 c - 5 phantom mirrors
 x - a stone of tremors
 X - a lamp of fire
Comestibles
 w - 18 meat rations


   Skills:
 O Level 27 Fighting
   Level 12.2 Long Blades
 + Level 22.9(25.7) Axes
   Level 17.8(22.3) Maces & Flails
   Level 13.7(19.8) Polearms
 O Level 27 Armour
 O Level 27 Dodging
 + Level 17.9 Shields
 * Level 20.9 Spellcasting
 - Level 14.0 Summonings
 * Level 20.4 Necromancy
 - Level 11.2 Translocations
 * Level 17.7 Transmutations
 O Level 27 Invocations
 - Level 11.2 Evocations


You had 50 spell levels left.
You knew the following spells:

 Your Spells              Type           Power        Failure   Level  Hunger
h - Necromutation         Tmut/Necr      #######...   17%         8    #######
j - Aura of Abjuration    Summ           #######...   1%          5    ##.....
p - Apportation           Tloc           ######....   1%          1    None
t - Blink                 Tloc           N/A          1%          2    None
x - Summon Butterflies    Summ           #######.     0%          1    None


Dungeon Overview and Level Annotations

Branches:
Dungeon (15/15)            Temple (1/1) D:6            Lair (8/8) D:8
 Shoals (4/4) Lair:6       Spider (4/4) Lair:5        Slime (6/6) Lair:8
    Orc (2/2) D:9             Elf (3/3) Orc:2        Vaults (5/5) D:13
  Crypt (3/3) Vaults:3       Tomb (3/3) Crypt:3      Depths (5/5) D:15
   Hell (1/1)                 Dis (7/7) Hell            Geh (7/7) Hell
    Coc (7/7) Hell            Tar (7/7) Hell            Zot (5/5) Depths:5

Altars:
Ashenzari
Cheibriados
Dithmenos
Elyvilon
Fedhas
Gozag
Hepliaklqana
Kikubaaqudgha
Makhleb
Nemelex Xobeh
Okawaru
Pakellas
Qazlal
Ru
Sif Muna
Trog
Ukayaw
Vehumet
Xom
Yredelemnul
Zin
The Shining One
Jiyva

Shops:
D:10 =:[}(   D:13 *   Orc:2 *%[   Elf:1 !   Elf:2 *   Vaults:1 ?   Vaults:4 [
Depths:3 *

Portals:
Hell: Depths:1 Depths:2 Depths:3 Depths:4 Depths:5
Abyss: Depths:4 Depths:5
Pandemonium: Depths:3 Depths:4


Innate Abilities, Weirdness & Mutations

You have a pair of large horns on your head.
Your flesh is heat resistant. (rF+)
Your demonic aura causes spilled blood to erupt in flames.
You resist negative energy. (rN+)
You regenerate a lot of health from kills.
You are somewhat able to resist unholy torments (1 in 2 success).
Your melee attacks may debilitate your foes.
You are immune to clouds of flame.
Your movements are significantly less encumbered by armour. (ER -6)


Message History

The blast of magma engulfs Piw Genn.
Piw Genn partially resists.
Piw Genn is severely wounded.
You feel sick. Piw Genn completely misses you.
Piw Genn hits you but does no damage.
Use which ability? (? or * to list) Nature churns violently around you!
The cutting wind hits Piw Genn.
Piw Genn gets badly buffeted.
Piw Genn is almost dead.
You feel sick. You block Piw Genn's attack.
You hit Piw Genn but do no damage.
Piw Genn is almost dead.
You feel sick.
Piw Genn is no longer weakened.
Piw Genn is struck by lightning.
You block Piw Genn's attack.
You slice Piw Genn!!
Piw Genn is almost dead.
You feel sick.
Piw Genn is struck by lightning.
You kill Piw Genn!
Qazlal accepts your kill.
You feel sick.
You have escaped!

▒▒▒∙▒▒∙▒▒▒▒∙▒∙▒∙∙∙∙▒▒∙∙∙▒ ▒∙'∙∙∙∙
∙∙∙∙▒▒∙▒▒▒▒'▒'▒▒∙∙▒▒▒▒▒∙▒▒▒∙▒∙∙∙∙
▒▒▒▒▒▒∙▒∙∙∙∙∙∙∙▒∙∙▒ ▒∙∙▒▒∙▒∙∙∙∙
▒∙▒∙∙∙∙∙∙∙▒∙∙▒ ▒▒∙▒▒∙▒▒▒∙∙
▒∙'∙∙∙∙∙∙∙▒∙∙▒ ▒∙▒▒∙∙∙∙∙∙
▒▒▒▒▒▒▒▒∙∙∙∙∙∙∙▒∙∙▒▒▒▒▒▒∙∙▒▒▒▒▒∙∙
∙∙∙∙∙∙∙∙∙∙∙∙∙∙∙▒∙∙∙∙)∙∙∙∙∙∙∙∙∙∙∙∙
∙∙∙∙∙∙∙∙∙∙∙∙∙∙∙▒∙▒▒▒▒▒▒▒▒∙(▒∙∙▒∙∙
∙▒▒▒▒▒▒∙▒▒▒▒∙s▒▒∙▒∙∙∙∙∙∙▒∙∙∙∙∙▒∙∙
∙∙∙∙∙▒▒∙▒▒▒▒∙l▒▒)▒∙▒∙∙∙∙▒∙∙∙∙∙∙∙∙
∙∙∙∙∙▒▒∙∙∙∙∙g2∙#≈#∙∙∙∙∙∙∙∙▒∙∙∙∙∙∙
∙∙∙∙∙■∙∙∙∙∙∙4r∙≈≈▒∙∙∙∙∙∙4∙∙∙∙∙▒∙∙
∙∙∙∙∙▒▒▒▒▒▒▒▒▒▒▒)▒▒▒▒▒▒▒▒▒▒∙∙∙▒▒∙
▒▒▒▒▒▒ ▒∙▒∙▒∙▒≈▒∙▒∙▒∙▒ ▒∙∙∙∙∙∙
▒'▒'▒'▒∙▒'▒'▒'▒ ▒∙∙∙▒∙∙
▒▒▒▒▒▒▒▒▒▒∙▒≈▒∙▒#▒∙▒∙▒≈▒▒▒▒∙)∙▒(∙
∙∙∙∙∙∙▒∙'≈≈≈≈∙≈∙@#∙∙∙∙∙≈'∙▒∙▒∙▒▒∙
▒▒▒∙▒∙▒▒▒▒≈▒∙▒∙▒∙▒∙▒∙▒≈▒▒▒▒∙∙∙∙∙∙
∙∙∙∙▒∙▒ ▒'▒'▒'▒'▒'▒'▒'▒ ▒∙∙∙▒▒∙
∙▒▒∙▒∙▒ ▒∙▒∙▒∙▒∙▒∙▒∙▒∙▒ ▒∙∙∙∙∙∙
'▒▒∙▒∙▒ ▒▒▒▒▒▒▒▒▒▒▒▒▒▒▒ ▒∙▒▒∙▒∙
∙∙∙∙∙∙▒ ▒∙∙∙∙∙∙∙∙∙∙▒ ▒∙∙∙∙▒∙
∙∙▒∙▒▒▒ ▒∙▒▒▒▒▒▒▒▒∙▒▒▒▒▒▒▒▒∙▒∙
∙∙▒∙▒ ▒∙▒ ▒∙∙∙∙∙∙∙∙∙▒∙▒∙ ∙^▒∙▒
▒∙▒▒▒▒▒▒▒∙%▒▒▒▒▒▒∙▒∙∙∙ ∙∙▒∙▒
▒∙▒∙∙∙∙∙∙∙∙▒ ▒∙▒∙∙∙ ▒▒▒∙▒
▒∙▒∙▒▒▒▒▒▒∙▒ ▒∙▒▒∙∙ ▒∙▒
▒∙▒∙▒▒▒▒▒▒∙▒ ▒∙∙∙∙> ▒∙▒
▒∙▒∙∙∙∙∙∙∙∙▒ ▒▒▒▒▒▒▒▒
▒∙▒▒▒▒▒▒▒▒∙▒▒▒▒▒▒▒▒▒▒▒▒▒∙∙∙∙∙∙∙
▒∙∙∙∙∙∙∙∙∙∙∙)∙∙∙∙∙∙∙∙∙∙▒∙▒▒▒▒▒▒
▒▒▒▒▒▒▒▒▒▒∙▒▒▒▒▒▒▒▒▒▒▒∙▒∙▒
▒∙▒∙∙∙∙∙∙∙∙∙∙∙▒∙▒∙▒


There were no monsters in sight!

Vanquished Creatures
  Cerebov (Pan)
  Antaeus (Coc:7)
  Asmodeus (Geh:7)
  the Royal Jelly (Slime:6)
  Ereshkigal (Tar:7)
  Gloorx Vloq (Pan)
  the Serpent of Hell (Coc:7)
  Mnoleg (Pan)
  Lom Lobon (Pan)
  Dispater (Dis:7)
  3 orbs of fire (Zot:5)
  Mara (Spider:4)
  Mennas (Vaults:5)
  8 ancient liches
  6 juggernauts
  Boris (thrice) (Vaults:5 Depths:3 Depths:5)
  Frederick (Vaults:5)
  36 greater mummies
  18 shard shrikes
  3 curse toes
  Margery (Depths:3)
  9 Killer Klowns
  6 caustic shrikes
  Geryon (Hell)
  6 golden dragons
  Jory (Depths:3)
  6 profane servitors
  the Enchantress (Depths:4)
  A mutant beast (WizLab)
  Arachne (Spider:4)
  8 iron giants
  16 bone dragons
  2 electric golems
  24 pandemonium lords
  14 Brimstone Fiends
  35 Tzitzimimeh
  18 Hell Sentinels
  Jorgrun (Vaults:5)
  4 hellephants
  4 doom hounds
  19 Orb Guardians
  22 Ice Fiends
  11 liches
  8 tentacled monstrosities
  Asterion (Depths:3)
  4 quicksilver dragons
  2 deep elf blademasters
  5 titans
  6 deep elf master archers
  The ghost of haldagan the Tortoise, an adept DDFi of Gozag (Spider:3)
  2 krakens
  27 acid blobs
  33 tentacled starspawn
  4 eldritch tentacles (Pan)
  37 Executioners
  4 ancient champions
  Agnes (D:15)
  Kirke (Spider:3)
  13 sphinxes
  5 death cobs
  Murray (Hell)
  16 shadow dragons
  A thorn hunter (Zig:14)
  2 draconian monks
  17 storm dragons
  12 revenants
  11 tengu reavers
  Ilsuiw (Shoals:4)
  Maud (D:13)
  20 frost giants
  16 azure jellies
  2 daevas
  8 orc warlords
  A ghost moth (shapeshifter) (Depths:5)
  14 fire giants
  11 deep elf sorcerers
  4 draconian knights
  8 ghost moths
  11 iron dragons
  15 emperor scorpions
  Louise (Elf:1)
  38 cacodemons
  3 caustic shrike zombies
  35 balrugs
  2 draconian zealots
  20 vault wardens
  8 ghouls
  5 draconian scorchers
  3 deep elf elementalists (Elf:3)
  A spectral juggernaut (Zig:19)
  8 draconian annihilators
  3 curse skulls
  16 warmongers
  2 spectral caustic shrikes (Zig:19)
  3 spriggan defenders (Depths:4)
  3 angels
  19 ironheart preservers
  3 war gargoyles
  4 draconian shifters
  The ghost of krfreak the Brawler, a journeyman TrMo of Hepliaklqana (Lair:6)
  42 very ugly things
  36 stone giants
  76 reapers
  10 corrupters (Pan)
  2 draconian callers (Zot:3)
  7 deep elf demonologists
  13 blood saints (Pan)
  15 bennus
  5 ophanim
  4 elemental wellsprings
  Nessos (D:13)
  6 red draconians
  14 deep elf annihilators
  4 vampire knights
  10 chaos champions
  13 lorocyprocas
  2 black draconians
  4 purple draconians
  8 salamander stormcallers
  Azrael (D:15)
  14 black suns
  3 green draconians (Zot:3)
  4 mottled draconians
  4 spark wasps
  10 eidola
  4 white draconians
  5 yellow draconians
  55 blizzard demons
  14 green deaths
  5 quicksilver dragon zombies
  10 deep elf death magi
  14 ettins
  Snorg (D:13)
  14 fire dragons
  11 death oozes
  Erolcha (D:13)
  6 merfolk impalers
  46 vault guards
  7 merfolk javelineers
  12 yaktaur captains
  The ghost of vogonpoet the Covert, a journeyman NaEn of Ashenzari (IceCv)
  26 jiangshi
  33 mummy priests
  10 deep elf high priests
  3 kraken zombies
  9 rakshasas
  25 great orbs of eyes
  3 quicksilver dragon skeletons
  2 naga warriors
  12 hell beasts
  30 ice dragons
  21 entropy weavers
  2 entropy weavers (shapeshifter)
  2 ghost crabs
  A catoblepas (shapeshifter) (WizLab)
  15 hydras
  7 spriggan air magi
  9 centaur warriors
  24 monstrous demonspawn (Pan)
  A spectral stone giant (Crypt:3)
  14 ogre magi
  7 death yaks
  11 death knights
  3 alligator snapping turtles
  40 dancing weapons
  12 tengu warriors
  2 satyrs
  11 merfolk aquamancers
  5 merfolk avatars
  9 vampire magi
  10 orc high priests
  13 hell hogs
  7 deep troll shamans
  9 deep troll earth magi
  An iron giant zombie (Crypt:1)
  47 hell knights
  13 thrashing horrors
  59 sun demons
  15 titan zombies
  8 spriggan berserkers
  Urug (Lair:2)
  7 fire crabs
  6 titan skeletons
  6 storm dragon zombies
  5 iron golems
  67 soul eaters
  A naga sharpshooter (Abyss:4)
  5 salamander mystics
  A shock serpent (shapeshifter) (Vaults:3)
  A fire crab (shapeshifter) (WizLab)
  25 deep elf knights
  25 iron trolls
  6 storm dragon skeletons
  9 wizards
  23 death scarabs
  2 ghost moth zombies
  A spark wasp zombie (Zig:15)
  4 death drakes
  127 skeletal warriors
  19 wretched stars
  10 anaconda zombies
  15 infernal demonspawn (Pan)
  32 shadow wraiths
  5 golden dragon zombies
  11 sea snakes
  20 gelid demonspawn (Pan)
  27 flayed ghosts
  9 unseen horrors
  A giant orange brain (shapeshifter) (WizLab)
  9 giant orange brains
  A sea snake (shapeshifter) (WizLab)
  35 deep trolls
  2 cherubim (Abyss:4)
  A tengu zombie (Zig:15)
  4 spatial maelstroms
  A death drake (shapeshifter) (Vaults:1)
  31 shadow demons
  26 deep elf archers
  20 ironbrand convokers
  15 putrid demonspawn (Pan)
  28 torturous demonspawn (Pan)
  An orange crystal statue (Depths:3)
  5 wolf spider zombies
  A harpy (shapeshifter) (WizLab)
  19 phantasmal warriors
  A golden dragon skeleton (Geh:7)
  90 deep elf magi
  Pikel (D:4)
  5 shambling mangroves
  26 necromancers
  12 hill giants
  4 swamp dragons
  A sphinx zombie (Zig:21)
  10 frost giant zombies
  3 orb spiders (shapeshifter)
  A mana viper (Abyss:4)
  18 harpies
  20 anubis guards
  5 iron dragon zombies
  11 manticores
  12 orc knights
  9 stone giant zombies
  26 orb spiders
  5 anaconda skeletons
  26 wolf spiders
  26 salamanders
  9 orc sorcerers
  3 fauns (Shoals:2)
  36 ugly things
  16 griffons
  7 hornets
  2 mana vipers (shapeshifter)
  6 shadow dragon zombies
  105 slime creatures
  2 cyclopes (shapeshifter)
  4 shadow dragon skeletons
  5 oklob plants (Zig:13)
  8 shining eyes
  10 fire giant zombies
  9 cyclopes
  A hornet (shapeshifter) (WizLab)
  21 moths of wrath
  39 sixfirhies
  4 guardian serpents
  A salamander (shapeshifter) (WizLab)
  5 frost giant skeletons
  2 tengu skeletons (Zig:15)
  9 worldbinders
  An elephant (Zot:3)
  2 octopodes (shapeshifter) (WizLab)
  A sphinx skeleton (Crypt:2)
  4 iron dragon skeletons
  A faun (shapeshifter) (WizLab)
  A dire elephant zombie (Coc:4)
  A moth of wrath (shapeshifter) (WizLab)
  27 vault sentinels
  3 elephants (shapeshifter)
  9 fire giant skeletons
  A guardian serpent (shapeshifter) (WizLab)
  43 rust devils
  9 stone giant skeletons
  2 water nymphs (shapeshifter)
  8 sirens
  102 large abominations
  4 shock serpent zombies
  13 water nymphs
  4 black mambas
  3 apocalypse crabs
  5 ice statues
  7 torpor snails
  85 smoke demons
  7 molten gargoyles (Geh:7)
  A naga mage (Abyss:4)
  A shock serpent skeleton (Tar:2)
  13 komodo dragons
  31 orange demons
  7 dire elephant skeletons
  A salamander skeleton (Vaults:3)
  An eye of devastation (shapeshifter) (Zig:8)
  36 hellions
  An emperor scorpion zombie (Dis:7)
  2 eyes of devastation
  30 spiny frogs
  58 tormentors
  45 demonic crawlers
  11 efreet
  A rime drake (shapeshifter) (WizLab)
  43 yaktaurs
  9 rime drakes
  A kobold demonologist (Abyss:1)
  A catoblepas zombie (Dis:5)
  33 guardian mummies
  A spectral glowing shapeshifter (Zig:19)
  63 ice devils
  41 hellwings
  A komodo dragon (shapeshifter) (WizLab)
  64 freezing wraiths
  18 ancient zymes
  19 hydra zombies
  71 red devils
  A green draconian skeleton (Dis:3)
  3 yaktaur skeletons
  8 trolls
  A golden dragon simulacrum (Depths:4)
  A minotaur zombie (Abyss:2)
  A queen bee (shapeshifter) (WizLab)
  A jumping spider (shapeshifter) (Vaults:5)
  30 jumping spiders
  A giant leech (shapeshifter) (Vaults:5)
  4 harpy zombies
  2 trolls (shapeshifter)
  4 silent spectres
  7 giant leeches
  5 tengu conjurers
  14 polar bears (IceCv)
  23 merfolk
  2 two-headed ogres (shapeshifter)
  7 bog bodies
  3 harpy skeletons
  Prince Ribbit (D:7)
  56 raiju
  21 wind drakes
  25 blink frogs
  A wolf spider simulacrum (Crypt:1)
  4 boulder beetles
  23 two-headed ogres
  A tengu simulacrum (Zig:21)
  31 ushabtiu
  5 alligator zombies
  13 hydra skeletons
  8 ettin zombies
  2 fire dragon zombies
  181 flying skulls
  A centaur simulacrum (D:14)
  A black mamba zombie (Coc:2)
  3 fire giant simulacra
  8 snapping turtles
  15 air elementals
  10 ice dragon zombies
  84 redbacks
  8 ettin skeletons
  The ghost of haldagan the Ducker, an amateur TrFi (D:6)
  A deep troll skeleton (D:15)
  3 ice dragon skeletons
  3 redbacks (shapeshifter)
  6 alligator skeletons
  2 vampires (Abyss:1)
  A dire elephant simulacrum (Crypt:3)
  4 wyverns
  57 yaks
  72 ynoxinuls
  9 spriggans
  5 elf zombies
  2 fire bats (shapeshifter)
  31 shadows
  A yak (shapeshifter) (Vaults:3)
  A basilisk (shapeshifter) (WizLab)
  7 fire dragon skeletons
  41 wraiths
  2 hogs (Spider:3)
  28 humans
  A human (shapeshifter) (D:12)
  A hippogriff (shapeshifter) (Vaults:1)
  A giant leech zombie (Crypt:2)
  47 tarantellas
  9 golden eyes
  30 water elementals
  12 hippogriffs
  2 black mamba skeletons
  2 human simulacra
  62 chaos spawn
  19 fire elementals
  A yaktaur simulacrum (Vaults:1)
  5 steam dragons
  20 vampire mosquitoes
  2 elf skeletons
  54 neqoxecs
  2 mottled dragons
  A steam dragon (shapeshifter) (WizLab)
  5 basilisks
  8 wargs
  Menkaure (Ossuary)
  5 hungry ghosts
  7 insubstantial wisps
  Edmund (D:5)
  2 nagas (Abyss:5)
  3 swamp worms (shapeshifter)
  A soldier ant (shapeshifter) (WizLab)
  4 spatial vortices
  A deep troll zombie (Crypt:1)
  A merfolk zombie (Coc:6)
  15 spiny frog zombies
  A water moccasin (shapeshifter) (Abyss:5)
  2 hydra simulacra (Hell)
  17 water moccasins
  2 giant eyeballs (shapeshifter) (WizLab)
  5 giant eyeballs
  10 porcupines
  A soldier ant (D:12)
  80 hell hounds
  An infernal demonspawn skeleton (Crypt:2)
  17 ice beasts
  10 snapping turtle zombies
  2 ice beasts (shapeshifter)
  A merfolk skeleton (Crypt:1)
  5 sky beasts
  10 phantoms
  70 orc warriors
  5 spiny frog skeletons
  2 swamp drakes
  A sky beast (shapeshifter) (Abyss:4)
  2 black bears (D:9)
  A wasp (shapeshifter) (WizLab)
  12 eyes of draining
  30 necrophages
  50 ogres
  2 eyes of draining (shapeshifter)
  47 small abominations
  A swamp dragon zombie (Dis:6)
  14 wasps
  A black mamba simulacrum (Crypt:2)
  An ogre (shapeshifter) (Vaults:3)
  4 boggarts (Depths:1)
  31 wolves
  2 boggarts (shapeshifter) (WizLab)
  38 centaurs
  A lindwurm skeleton (Crypt:1)
  6 snapping turtle skeletons
  2 swamp dragon skeletons
  2 crocodiles (shapeshifter) (WizLab)
  18 crocodiles
  4 manticore skeletons
  A komodo dragon zombie (Crypt:2)
  9 big kobolds
  4 earth elementals
  38 giant frogs
  2 human skeletons
  A wyvern zombie (D:10)
  A gnoll sergeant (D:5)
  A wyvern skeleton (D:10)
  A water moccasin skeleton (Crypt:1)
  3 scorpions
  3 troll zombies
  19 killer bees
  A yak skeleton (Crypt:2)
  75 wights
  7 electric eels
  3 howler monkeys
  A spriggan skeleton (Geh:7)
  25 crimson imps
  9 quasits
  79 starcursed masses
  10 hounds
  2 hounds (shapeshifter)
  36 jellies
  14 centaur zombies
  6 centaur skeletons
  8 human zombies
  29 orc priests
  23 iron imps
  Crazy Yiuf (D:2)
  3 giant frog skeletons
  51 orc wizards
  Natasha (D:4)
  Terence (D:2)
  11 iguanas
  10 hell rats (Lair:3)
  15 worker ants
  A lightning spire (Zig:14)
  A spriggan simulacrum (Abyss:5)
  36 sheep
  An ogre zombie (Ossuary)
  A naga skeleton (Crypt:2)
  3 hound skeletons
  84 mummies
  2 worker ant zombies
  12 gnolls
  13 adders
  An adder (shapeshifter) (WizLab)
  67 river rats
  14 shadow imps
  25 white imps
  7 ufetubi
  6 oozes
  4 adder zombies
  An adder skeleton (D:4)
  A worm (D:2)
  A ball lightning (Pan)
  2 dart slugs
  5 giant geckos
  127 orcs
  A bat zombie (Crypt:1)
  11 giant cockroaches
  5 goblins
  20 hobgoblins
  10 jackals
  A jackal (shapeshifter) (Vaults:3)
  2 quokkas
  A ball python (D:2)
  6 bats
  A giant cockroach zombie (Crypt:2)
  A giant gecko skeleton (Crypt:1)
  5 giant newts
  9 goblin zombies (Ossuary)
  A hobgoblin skeleton (Crypt:2)
  3 hobgoblin zombies (Ossuary)
  10 kobolds
  4 kobold zombies
  An orc zombie (Coc:5)
  A quokka skeleton (D:4)
  3 quokka zombies
  18 rats
  4 rat zombies (Ossuary)
  27 briar patches (Zig:14)
  3 bushes (Zig:18)
  3 fire vortices
  63 fungi
  2 lurking horrors
  106 plants
  35 starspawn tentacles
  5 starspawn tentacle segments
  6 tentacles
  4 withered plants (D:15)
7107 creatures vanquished.

Vanquished Creatures (collateral kills)
  Sojobo (Depths:3)
  An iron giant (Depths:4)
  Gastronok (Lair:3)
  Roxanne (Spider:2)
  An azure jelly (Depths:4)
  An emperor scorpion (Spider:4)
  2 very ugly things
  A mummy priest (Zig:21)
  Josephine (Lair:5)
  Erica (Lair:2)
  A merfolk avatar (Shoals:4)
  An ugly thing (Zig:16)
  3 orb spiders
  2 wolf spiders (Spider:4)
  A cyclops (D:11)
  A hornet (Zig:17)
  2 moths of wrath
  Maurice (D:11)
  2 jumping spiders (Zig:12)
  A freezing wraith (Vaults:5)
  A troll (Zig:18)
  A tarantella (Spider:4)
  2 redbacks
  2 giant eyeballs (shapeshifter)
  2 porcupines (Lair:5)
  A necrophage (Tar:7)
  An ogre (Zig:18)
  A wight (D:11)
37 creatures vanquished.

Vanquished Creatures (others)
  An iron giant (Dis:2)
  2 pandemonium lords (Pan)
  An Ice Fiend (Pan)
  A deep elf blademaster (Zig:20)
  An ancient champion (Tomb:2)
  A tengu reaver (Depths:2)
  A revenant (Tomb:2)
  A frost giant (Depths:4)
  2 balrugs (Geh:7)
  A draconian scorcher (Depths:5)
  A ghost moth (Spider:4)
  A fire giant (Depths:3)
  A deep elf elementalist (Elf:3)
  3 bennus (Tomb:3)
  A green death (Pan)
  A deep elf death mage (Elf:3)
  A fire dragon (Depths:1)
  3 yaktaur captains
  A great orb of eyes (Depths:5)
  A rakshasa (Pan)
  A hell beast (Pan)
  A hydra (Zig:14)
  An ogre mage (Vaults:4)
  3 centaur warriors
  A dancing weapon (Elf:2)
  A hell hog (Abyss:4)
  2 soul eaters (Pan)
  A sun demon (Pan)
  17 death scarabs (Tomb:2)
  2 wizards (Pan)
  A deep elf mage (Zig:20)
  A faun (Shoals:2)
  A manticore (Shoals:1)
  A worldbinder (Abyss:2)
  2 smoke demons
  A hellion (Geh:7)
  2 yaktaurs
  A tormentor (Pan)
  A polar bear (IceCv)
  A wind drake (Pan)
  A slime creature (Vaults:2)
  2 ushabtiu
  2 large abominations
  A fire dragon zombie (Geh:4)
  14 flying skulls
  2 ynoxinuls (Pan)
  A shadow (Dis:2)
  An alligator skeleton (Tomb:2)
  A tarantella (Zig:17)
  A spriggan (Zig:14)
  A water elemental (Hell)
  2 fire elementals (Hell)
  A human (Spider:4)
  2 neqoxecs (Pan)
  A vampire mosquito (Vaults:3)
  3 hell hounds
  A wasp (Depths:2)
  A necrophage (Geh:4)
  3 ogres
  A manticore zombie (Coc:7)
  3 centaurs
  3 wights
  A centaur skeleton (Geh:7)
  2 iron imps
  A human skeleton (Geh:7)
  3 mummies
  An adder (D:4)
  3 shadow imps (Tar:5)
  A white imp (Abyss:1)
  2 orcs
  4 briar patches (Zig:14)
  5 bushes (Zig:18)
  142 eldritch tentacle segments (Pan)
  8 fungi
  5 lost souls
  A lurking horror (Abyss:5)
  25 plants
  59 starspawn tentacles
  601 starspawn tentacle segments
  11 tentacles
  338 tentacle segments
1329 creatures vanquished.

Grand Total: 8473 creatures vanquished

Notes
Turn   | Place    | Note
--------------------------------------------------------------
     0 | D:1      | Lososik the Demonspawn Fighter began the quest for the Orb.
     0 | D:1      | Reached XP level 1. HP: 18/18 MP: 1/1
   257 | D:1      | Gained mutation: Your flesh is heat resistant. (rF+) [demonic ancestry]
   257 | D:1      | Reached XP level 2. HP: 13/24 MP: 2/2
   500 | D:1      | Reached skill level 1 in Dodging
  1105 | D:2      | Gained mutation: Your movements are slightly less encumbered by armour. (ER -2) [demonic ancestry]
  1105 | D:2      | Reached XP level 3. HP: 29/29 MP: 3/3
  1210 | D:2      | Noticed Terence
  1239 | D:2      | Killed Terence
  1250 | D:2      | Found a faded altar to an unknown god.
  1295 | D:2      | Found a glowing golden altar of the Shining One.
  1299 | D:2      | Found an iron altar of Okawaru.
  1302 | D:2      | Found a shadowy altar of Dithmenos.
  1303 | D:2      | Found a sacrificial altar of Ru.
  1353 | D:2      | Gained mutation: You have a pair of small horns on your head. [demonic ancestry]
  1353 | D:2      | Reached XP level 4. HP: 18/35 MP: 4/4
  2132 | D:2      | Noticed Crazy Yiuf
  2139 | D:2      | Killed Crazy Yiuf
  2139 | D:2      | Reached XP level 5. HP: 42/42 MP: 5/5
  2558 | D:4      | Noticed Natasha
  2686 | D:4      | Noticed a slave
  2687 | D:4      | Noticed Pikel
  2687 | D:4      | Noticed a slave
  2925 | D:4      | Found a sand-covered staircase.
  2934 | Ossuary  | Entered an ossuary
  3027 | Ossuary  | Gained mutation: You have a pair of horns on your head. [demonic ancestry]
  3027 | Ossuary  | Reached XP level 6. HP: 48/48 MP: 6/6
  3279 | Ossuary  | Noticed Menkaure
  3296 | Ossuary  | Killed Menkaure
  3296 | Ossuary  | Reached XP level 7. HP: 54/55 MP: 7/7
  3517 | D:4      | Killed Natasha
  3594 | D:4      | Reached skill level 5 in Fighting
  3667 | D:4      | Killed Pikel
  3667 | D:4      | Reached skill level 5 in Armour
  3667 | D:4      | Gained mutation: You regenerate a little health from kills. [demonic ancestry]
  3667 | D:4      | Reached XP level 8. HP: 48/64 MP: 8/8
  3864 | D:5      | Entered Level 5 of the Dungeon
  3914 | D:5      | Reached skill level 5 in Dodging
  3950 | D:5      | Noticed Edmund
  4009 | D:5      | Killed Edmund
  4840 | D:6      | Gained mutation: Your movements are less encumbered by armour. (ER -4) [demonic ancestry]
  4840 | D:6      | Reached XP level 9. HP: 50/71 MP: 9/9
  4849 | D:6      | Found a staircase to the Ecumenical Temple.
  4857 | Temple   | Entered the Ecumenical Temple
  4909 | Temple   | Became a worshipper of Qazlal Stormbringer
  4963 | D:6      | Reached skill level 1 in Invocations
  5437 | D:6      | Noticed haldagan's ghost (amateur TrFi)
  5447 | D:6      | Reached * piety under Qazlal
  5453 | D:6      | Killed haldagan's ghost
  6006 | D:7      | Noticed Prince Ribbit
  6056 | D:7      | Killed Prince Ribbit
  6081 | D:7      | Reached skill level 1 in Evocations
  6191 | D:7      | Reached skill level 5 in Long Blades
  6350 | D:7      | Reached XP level 10. HP: 79/79 MP: 13/13
  6359 | D:7      | Reached skill level 5 in Shields
  6393 | D:7      | Reached skill level 5 in Invocations
  6466 | D:7      | Reached ** piety under Qazlal
  7019 | D:8      | Found a staircase to the Lair.
  7542 | Lair:1   | Entered Level 1 of the Lair of Beasts
  7771 | D:9      | Noticed a hill giant
  7795 | D:9      | Killed a hill giant
  7977 | D:9      | Found a blossoming altar of Fedhas.
  8093 | D:9      | Found a bloodstained altar of Trog.
  8119 | D:9      | Found a staircase to the Orcish Mines.
  8338 | D:9      | Found a burning altar of Makhleb.
  8487 | D:10     | Entered Level 10 of the Dungeon
  8495 | D:10     | Reached XP level 11. HP: 84/87 MP: 16/16
  8736 | D:10     | Noticed a hill giant
  8750 | D:10     | Killed a hill giant
  8786 | D:10     | Reached *** piety under Qazlal
  8871 | D:10     | Found Feraf's Book Shoppe.
  8879 | D:10     | Found Cahotzut's Weapon Shoppe.
  8881 | D:10     | Found Ihich's Antique Armour Boutique.
  8972 | D:10     | Found Welep's Jewellery Emporium.
  9033 | D:10     | Found Ypeuw's Gadget Shoppe.
  9269 | D:11     | Found a frozen archway.
  9325 | IceCv    | Entered an ice cave
  9965 | IceCv    | Reached **** piety under Qazlal
  9992 | IceCv    | Noticed a death yak
 10026 | IceCv    | Killed a death yak
 10195 | IceCv    | Noticed vogonpoet's ghost (journeyman NaEn)
 10255 | IceCv    | Killed vogonpoet's ghost
 10255 | IceCv    | Reached XP level 12. HP: 91/97 MP: 19/19
 10369 | IceCv    | Noticed a frost giant
 10388 | IceCv    | Reached skill level 10 in Fighting
 10390 | IceCv    | HP: 1/97 [frost giant/bolt of cold (31)]
 10395 | IceCv    | Killed a frost giant
 10395 | IceCv    | Reached skill level 10 in Invocations
 10416 | IceCv    | Got a steaming mace
 10992 | IceCv    | Identified the cursed +3 mace "Beutodd" {crush, rN+ Str+4} (You found it in an ice cave)
 10996 | D:11     | Noticed Maurice
 11004 | D:11     | Killed Maurice
 11481 | D:11     | Reached skill level 1 in Maces & Flails
 11500 | D:11     | Reached skill level 5 in Evocations
 12507 | Lair:2   | Noticed a seven-headed hydra
 12514 | Lair:2   | Killed a two-headed hydra
 12534 | Lair:2   | Noticed Erica
 12541 | Lair:2   | Killed Erica
 12555 | Lair:2   | Noticed a seven-headed hydra
 12560 | Lair:2   | Killed a six-headed hydra
 12568 | Lair:2   | Noticed Urug
 12592 | Lair:2   | Killed Urug
 12592 | Lair:2   | Gained mutation: You are immune to clouds of flame. [demonic ancestry]
 12592 | Lair:2   | Reached XP level 13. HP: 105/105 MP: 21/21
 12595 | Lair:2   | Reached skill level 10 in Armour
 13359 | Lair:3   | Noticed Gastronok
 13367 | Lair:3   | Killed Gastronok
 13807 | Lair:3   | Reached ***** piety under Qazlal
 14367 | Lair:4   | Reached skill level 1 in Spellcasting
 14996 | Lair:4   | Got a jewelled halberd
 15002 | Lair:4   | Identified the cursed +1 halberd of Laceration {chop, *Rage rN+++ MP+9 Str+2} (You found it on level 4 of the Lair of Beasts)
 15180 | Lair:5   | Noticed Josephine
 15187 | Lair:5   | Killed Josephine
 15295 | Lair:5   | Gained mutation: Scrolls take you a little longer to read. [potion of mutation]
 15295 | Lair:5   | Gained mutation: Your muscles are strong. (Str +2) [potion of mutation]
 15295 | Lair:5   | Gained mutation: You are somewhat resistant to further mutation. [potion of mutation]
 15296 | Lair:5   | Lost mutation: You are somewhat resistant to further mutation. [potion of cure mutation]
 15296 | Lair:5   | Lost mutation: Your muscles are strong. (Str +2) [potion of cure mutation]
 15297 | Lair:5   | Lost mutation: Scrolls take you a little longer to read. [potion of cure mutation]
 15298 | Lair:5   | Gained mutation: You are robust. (+10% HP) [potion of mutation]
 15298 | Lair:5   | Gained mutation: You evolve. [potion of mutation]
 15298 | Lair:5   | Gained mutation: You expend magic power (3 MP) to strengthen your wands. [potion of mutation]
 15486 | Lair:5   | Found a hole to the Spider Nest.
 15557 | Lair:5   | Gained mutation: You are resistant to hostile enchantments. (MR+) [evolution]
 15685 | Lair:6   | Reached ****** piety under Qazlal
 15701 | Lair:6   | Noticed krfreak's ghost (journeyman TrMo)
 15731 | Lair:6   | Killed krfreak's ghost
 15731 | Lair:6   | Gained mutation: Your demonic aura causes spilled blood to erupt in flames. [demonic ancestry]
 15731 | Lair:6   | Reached XP level 14. HP: 9/125 MP: 9/23
 15993 | Lair:6   | Found a staircase to the Shoals.
 16405 | Lair:6   | You fall through a shaft for 2 floors!
 16405 | Lair:8   | Entered Level 8 of the Lair of Beasts
 16915 | Lair:7   | Reached skill level 10 in Dodging
 17700 | Lair:7   | Lost mutation: You expend magic power (3 MP) to strengthen your wands. [evolution]
 18108 | Lair:8   | Found a shadowy altar of Dithmenos.
 18244 | Lair:8   | Found a runed door.
 18244 | Lair:8   | Found a viscous altar of Jiyva.
 18244 | Lair:8   | Found a staircase to the Slime Pits.
 18405 | Lair:8   | Got a pair of twisted gloves
 18411 | Lair:8   | Identified the +1 pair of gloves "Lurhoarr" {rCorr Str+6 Int-3 SInv} (You found it on level 8 of the Lair of Beasts)
 19591 | D:13     | Noticed Erolcha
 19596 | D:13     | Noticed Snorg
 19600 | D:13     | Noticed Nessos
 19604 | D:13     | Killed Erolcha
 19604 | D:13     | Gained mutation: You have a pair of large horns on your head. [demonic ancestry]
 19604 | D:13     | Reached XP level 15. HP: 113/134 MP: 25/25
 19610 | D:13     | Killed Snorg
 19618 | D:13     | Noticed Maud
 19634 | D:13     | Killed Maud
 19637 | D:13     | Killed Nessos
 19830 | D:13     | Found Omur Duss's General Store.
 19959 | D:13     | Got a pair of brightly glowing boots
 19965 | D:13     | Identified the cursed +0 pair of boots "Tiolead" {MR+} (You found it on level 13 of the Dungeon)
 20016 | D:13     | Found a gate to the Vaults.
 20049 | D:13     | Reached skill level 5 in Maces & Flails
 20140 | D:13     | Gained mutation: You are highly resistant to hostile enchantments. (MR++) [evolution]
 20679 | D:14     | Got a bloodstained robe
 21070 | D:15     | Entered Level 15 of the Dungeon
 21130 | D:15     | Noticed Azrael
 21166 | D:15     | Killed Azrael
 21216 | D:15     | Noticed Agnes
 21225 | D:15     | Killed Agnes
 21302 | D:15     | Found a staircase to the Depths.
 21401 | D:15     | Identified the cursed +0 robe of Nihilism {rPois rC+ Int+2} (You found it on level 14 of the Dungeon)
 21985 | Orc:1    | Entered Level 1 of the Orcish Mines
 22138 | Orc:2    | Entered Level 2 of the Orcish Mines
 22466 | Orc:2    | Found a staircase to the Elven Halls.
 22550 | Orc:2    | Found Qashruthro's Antique Armour Emporium.
 22550 | Orc:2    | Found Liawkar's Food Shoppe.
 22553 | Orc:2    | Found Duddet's Assorted Antiques.
 22575 | Orc:2    | Found Viawn's Gadget Emporium.
 23825 | Lair:1   | Upgraded the game from 0.19-a0-231-gae044c8 to 0.19-a0-252-g247cc30
 23913 | Spider:1 | Entered Level 1 of the Spider Nest
 24063 | Spider:1 | Gained mutation: You regenerate health from kills. [demonic ancestry]
 24063 | Spider:1 | Reached XP level 16. HP: 137/144 MP: 24/27
 24162 | Spider:1 | Lost mutation: You are robust. (+10% HP) [evolution]
 24162 | Spider:1 | Lost mutation: You evolve. [end of evolution]
 24691 | Spider:1 | Reached skill level 15 in Invocations
 24838 | Spider:2 | Got a sapphire trident
 24851 | Spider:2 | Identified the +2 trident "Mifija" {venom, rF+++ Int-4} (You found it on level 2 of the Spider Nest)
 24899 | Spider:2 | Noticed Roxanne
 24950 | Spider:2 | Killed Roxanne
 25239 | Spider:3 | Noticed haldagan's ghost (adept DDFi)
 25324 | Spider:3 | Killed haldagan's ghost
 25324 | Spider:3 | Reached skill level 5 in Spellcasting
 25747 | Spider:3 | Reached skill level 1 in Polearms
 26024 | Spider:4 | Entered Level 4 of the Spider Nest
 26050 | Spider:4 | Noticed Kirke
 26197 | Spider:3 | Killed Kirke
 26210 | Spider:4 | Noticed Arachne
 26221 | Spider:4 | Killed Arachne
 26410 | Spider:4 | Noticed Mara
 26411 | Spider:4 | Noticed Lososik's illusion
 26460 | Spider:4 | Killed Mara
 26460 | Spider:4 | Gained mutation: You resist negative energy. (rN+) [demonic ancestry]
 26460 | Spider:4 | Reached XP level 17. HP: 84/138 MP: 12/28
 26985 | Spider:4 | Got a gossamer rune of Zot
 27408 | Shoals:1 | Entered Level 1 of the Shoals
 27724 | Shoals:1 | Got a dazzling quarterstaff
 27725 | Shoals:1 | Identified the +5 quarterstaff of Qazlal's Scorn {elec, rElec rF+++ Str-5 Int-3} (You found it on level 1 of the Shoals)
 28471 | Shoals:2 | Noticed a kraken
 28498 | Shoals:2 | Killed a kraken
 29178 | Shoals:4 | Entered Level 4 of the Shoals
 29449 | Shoals:4 | Noticed Ilsuiw
 29459 | Shoals:4 | Killed Ilsuiw
 29462 | Shoals:4 | Got a warped dire flail {drain}
 29463 | Shoals:4 | Identified the +3 dire flail "Urhumuli" {drain, rF+} (You took it off a merfolk on level 4 of the Shoals)
 29510 | Shoals:4 | Gained mutation: You regenerate a lot of health from kills. [demonic ancestry]
 29510 | Shoals:4 | Reached XP level 18. HP: 146/147 MP: 30/30
 29938 | Shoals:4 | Got a barnacled rune of Zot
 30958 | Vaults:1 | Entered Level 1 of the Vaults
 31652 | Vaults:1 | Found Wueseki's Magic Scroll Shop.
 31698 | Vaults:1 | Got a steaming great mace
 31699 | Vaults:1 | Identified the +7 great mace of Zacsi {venom, Str+4} (You found it on level 1 of the Vaults)
 31708 | Vaults:1 | Reached skill level 15 in Fighting
 31919 | Vaults:1 | Found a portal to a secret trove of treasure.
 32489 | Vaults:2 | Reached skill level 10 in Evocations
 32650 | Vaults:2 | Reached XP level 19. HP: 58/155 MP: 31/31
 32922 | Vaults:2 | Reached skill level 10 in Long Blades
 33129 | Vaults:2 | You fall through a shaft for 2 floors!
 34551 | Vaults:3 | Found a staircase to the Crypt.
 34551 | Vaults:3 | Found an ancient bone altar of Kikubaaqudgha.
 34552 | Vaults:3 | Found a basalt altar of Yredelemnul.
 34900 | Vaults:3 | Reached XP level 20. HP: 133/164 MP: 33/33
 35421 | Vaults:4 | Found Naihibom's Antique Armour Shop.
 35641 | Vaults:4 | Reached skill level 15 in Armour
 36140 | Vaults:5 | Entered Level 5 of the Vaults
 36149 | Vaults:5 | Noticed a golden dragon
 36151 | Vaults:5 | Gained mutation: Your movements are significantly less encumbered by armour. (ER -6) [demonic ancestry]
 36151 | Vaults:5 | Reached XP level 21. HP: 97/172 MP: 34/34
 36154 | Vaults:5 | Noticed Jorgrun
 36155 | Vaults:5 | Noticed Mennas
 36165 | Vaults:5 | Killed a golden dragon
 36165 | Vaults:5 | Killed Jorgrun
 36165 | Vaults:5 | Reached skill level 15 in Dodging
 36165 | Vaults:5 | Killed Mennas
 36172 | Vaults:5 | Paralysed by a giant eyeball for 2 turns
 36191 | Vaults:5 | Noticed Boris
 36208 | Vaults:5 | Killed Boris
 36242 | Vaults:5 | Reached XP level 22. HP: 154/182 MP: 13/36
 36486 | Vaults:5 | Noticed Frederick
 36504 | Vaults:5 | Killed Frederick
 36542 | Vaults:5 | Got a silver rune of Zot
 36814 | Vaults:5 | Identified a +5 rod of inaccuracy (11/11) (You found it on level 5 of the Vaults)
 36819 | Vaults:5 | Got a crude battleaxe
 36820 | Vaults:5 | Identified the +9 battleaxe "Ycvy" {flame, *Drain MR+ Int+2 Dex+4} (You found it on level 5 of the Vaults)
 36872 | Vaults:5 | Identified the Reference Book on Gliding Shape Shifting
 37435 | Depths:1 | Entered Level 1 of the Depths
 37574 | Depths:1 | Reached skill level 1 in Axes
 37734 | Depths:1 | Found a gateway to Hell.
 38316 | Depths:2 | Noticed a juggernaut
 38319 | Depths:2 | Found a magical portal.
 38333 | Depths:2 | Killed a juggernaut
 38447 | Depths:2 | Got a transparent trident
 38461 | WizLab   | Entered Cigotuvi's Fleshworks
 38493 | WizLab   | Identified the +10 trident of the Salmon {pierce, rElec MR+} (You found it on level 2 of the Depths)
 38677 | WizLab   | Identified Cigotuvi's Tome of Doomed Changing
 38739 | WizLab   | Gained mutation: You are somewhat able to resist unholy torments (1 in 2 success). [demonic ancestry]
 38739 | WizLab   | Reached XP level 23. HP: 172/190 MP: 37/37
 38996 | WizLab   | Gained mutation: You evolve. [potion of beneficial mutation]
 39004 | WizLab   | Gained mutation: Your mind is acute. (Int +2) [potion of beneficial mutation]
 39146 | Depths:2 | Noticed a caustic shrike
 39147 | Depths:2 | Noticed a caustic shrike
 39148 | Depths:2 | Noticed a caustic shrike
 39150 | Depths:2 | Noticed a caustic shrike
 39150 | Depths:2 | Noticed a caustic shrike
 39152 | Depths:2 | Killed a caustic shrike
 39152 | Depths:2 | Killed a caustic shrike
 39152 | Depths:2 | Killed a caustic shrike
 39156 | Depths:2 | Killed a caustic shrike
 39156 | Depths:2 | Reached skill level 5 in Axes
 39160 | Depths:2 | Killed a caustic shrike
 40300 | Depths:2 | Lost mutation: Your mind is acute. (Int +2) [evolution]
 40371 | Depths:3 | Noticed Boris
 40376 | Depths:3 | Noticed Margery
 40378 | Depths:3 | Killed Boris
 40398 | Depths:3 | Killed Margery
 40460 | Depths:3 | Noticed Jory
 40471 | Depths:3 | Killed Jory
 40485 | Depths:3 | Noticed Asterion
 40492 | Depths:3 | Killed Asterion
 40526 | Depths:3 | Noticed a juggernaut
 40643 | Depths:3 | Found a one-way gate leading to the halls of Pandemonium.
 40645 | Depths:3 | Noticed Sojobo
 40655 | Depths:3 | Killed Sojobo
 40674 | Depths:3 | Found Qaevad's Assorted Antiques.
 40693 | Depths:3 | Identified a scroll of acquirement
 40945 | Depths:3 | Noticed a juggernaut
 40952 | Depths:3 | Killed a juggernaut
 40964 | Depths:3 | Gained mutation: Your melee attacks may debilitate your foes. [demonic ancestry]
 40964 | Depths:3 | Reached XP level 24. HP: 186/200 MP: 38/38
 41549 | Depths:4 | Noticed the Enchantress
 42095 | Depths:5 | Entered Level 5 of the Depths
 42335 | Depths:5 | Noticed Boris
 42343 | Depths:5 | Killed Boris
 42352 | Depths:5 | Found a gate to the Realm of Zot.
 42438 | Depths:5 | Found a one-way gate to the infinite horrors of the Abyss.
 43318 | Depths:4 | Found a gateway to a ziggurat.
 43431 | Depths:4 | Found a viscous altar of Jiyva.
 43620 | Depths:4 | Reached XP level 25. HP: 202/209 MP: 38/38
 43703 | Depths:4 | Killed the Enchantress
 43812 | Depths:4 | Gained mutation: You possess an exceptional clarity of mind. [evolution]
 44032 | D:10     | Bought an uncursed amulet of faith for 640 gold pieces
 44248 | Zig:1    | Entered Level 1 of a ziggurat
 44509 | Zig:2    | Entered Level 2 of a ziggurat
 44557 | Zig:3    | Entered Level 3 of a ziggurat
 44572 | Zig:3    | Got a bloodstained ring mail
 44584 | Zig:3    | Identified the cursed +0 ring mail "Gamnuloe" {rF+ Str+4 Int+3} (You found it on level 3 of a ziggurat)
 44598 | Zig:4    | Entered Level 4 of a ziggurat
 44626 | Zig:4    | Got a heavily runed silver ring
 44628 | Zig:4    | Identified the ring "Vabri" {rElec MR+ Str+4 Slay+3} (You found it on level 4 of a ziggurat)
 44641 | Zig:5    | Entered Level 5 of a ziggurat
 44662 | Zig:5    | Identified the Handbook of Earthen Weightlessness
 44668 | Zig:5    | Reached skill level 10 in Axes
 44668 | Zig:5    | Reached XP level 26. HP: 217/217 MP: 38/38
 44673 | Zig:5    | Got a transparent lapis lazuli ring
 44677 | Zig:5    | Identified the ring "Poqu" {Ice +Blink Str+3 Int+6 Dex+3} (You found it on level 5 of a ziggurat)
 44687 | Zig:6    | Entered Level 6 of a ziggurat
 44757 | Zig:6    | Got a warped ring mail
 44768 | Zig:6    | Identified the cursed +1 ring mail of the Echidna {rN+ MR++ Int+2 Slay-4} (You found it on level 6 of a ziggurat)
 44800 | Zig:7    | Entered Level 7 of a ziggurat
 44807 | Zig:7    | Noticed Xukki the pandemonium lord
 44810 | Zig:7    | Killed Xukki the pandemonium lord
 44845 | Zig:7    | Got a fine silver ring
 44847 | Zig:7    | Identified the ring "Hotajun" {-Tele rF+++ rN+ AC+3 Stlth+} (You found it on level 7 of a ziggurat)
 44859 | Zig:8    | Entered Level 8 of a ziggurat
 44898 | Zig:8    | Identified the Papyrus of Hexes (You found it on level 8 of a ziggurat)
 44906 | Zig:8    | Identified the Reference Book on Cloudy Battle Magic
 44918 | Zig:9    | Entered Level 9 of a ziggurat
 44994 | Zig:10   | Entered Level 10 of a ziggurat
 45078 | Zig:10   | Reached XP level 27. HP: 224/224 MP: 38/39
 45141 | Zig:11   | Entered Level 11 of a ziggurat
 45195 | Zig:11   | Got a spiked buckler
 45196 | Zig:11   | Identified the +3 buckler "Syjud" {rF+ rC+} (You found it on level 11 of a ziggurat)
 45256 | Zig:12   | Entered Level 12 of a ziggurat
 45369 | Zig:12   | Learned a level 2 spell: Blink
 45382 | Zig:12   | Got a steaming cloak
 45393 | Zig:12   | Identified the +2 cloak of the Gardener {Str+3} (You found it on level 12 of a ziggurat)
 45399 | Zig:12   | Got a distressingly furry leather armour
 45403 | Zig:13   | Entered Level 13 of a ziggurat
 45409 | Zig:13   | Reached skill level 1 in Translocations
 45455 | Zig:13   | Got a brightly glowing falchion
 45456 | Zig:13   | Identified the cursed +1 falchion of Qimip {freeze, rF+} (You found it on level 13 of a ziggurat)
 45474 | Zig:13   | Identified the Catalogue of Weightlessness (You found it on level 13 of a ziggurat)
 45483 | Zig:14   | Entered Level 14 of a ziggurat
 45522 | Zig:14   | Identified the Almanac of Poisoning and Fascination (You found it on level 14 of a ziggurat)
 45539 | Zig:14   | Got a smoking golden amulet
 45540 | Zig:14   | Identified the amulet "Goutahaq" {Faith +Blink rC+ Str+3} (You found it on level 14 of a ziggurat)
 45570 | Zig:15   | Entered Level 15 of a ziggurat
 45663 | Zig:16   | Entered Level 16 of a ziggurat
 45670 | Zig:16   | Noticed Doceitipyr the pandemonium lord
 45670 | Zig:16   | Noticed Hothay Tadof the pandemonium lord
 45671 | Zig:16   | Noticed Synleur the pandemonium lord
 45673 | Zig:16   | Noticed Tingurom the pandemonium lord
 45675 | Zig:16   | Noticed Qepucwa the pandemonium lord
 45677 | Zig:16   | Noticed Qigabaog the pandemonium lord
 45688 | Zig:16   | Got a spiked quicksilver dragon armour
 45692 | Zig:17   | Entered Level 17 of a ziggurat
 45694 | Zig:17   | Identified the quicksilver dragon armour of the Doge {*Drain rElec rC+ MR+ Stlth+} (You found it on level 16 of a ziggurat)
 45772 | Zig:17   | Got a faintly glowing quarterstaff
 45773 | Zig:17   | Identified the +8 quarterstaff "Diarax" {crush, rF+ Dex+4} (You found it on level 17 of a ziggurat)
 45777 | Zig:17   | Got a coiled iron ring
 45779 | Zig:17   | Identified the ring of Panentheism {-Tele rF+++ AC+4 Str+4 Stlth+} (You found it on level 17 of a ziggurat)
 45828 | Zig:18   | Entered Level 18 of a ziggurat
 45833 | Zig:18   | Noticed a juggernaut
 45836 | Zig:18   | Noticed a juggernaut
 45841 | Zig:18   | Killed a juggernaut
 45847 | Zig:18   | Noticed a juggernaut
 45850 | Zig:18   | Reached skill level 5 in Translocations
 45852 | Zig:18   | Killed a juggernaut
 45872 | Zig:18   | Killed a juggernaut
 45941 | Zig:18   | Got a pitted rapier
 45942 | Zig:18   | Identified the +6 rapier "Arbiter" {flame, MR+} (You found it on level 18 of a ziggurat)
 45956 | Zig:18   | Identified a +4 rod of shadows (12/12) (You found it on level 18 of a ziggurat)
 45965 | Zig:18   | Got a bloodstained trident
 45966 | Zig:18   | Identified the +3 trident "Owisez" {pierce, *Corrode Str+4 SInv} (You found it on level 18 of a ziggurat)
 45982 | Zig:18   | Identified Zaobil's Handbook of Twisted Talismans
 45990 | Zig:18   | Got a faintly glowing chain mail
 46001 | Zig:18   | Identified the cursed +1 chain mail of the Lizard {rC+ Str-5 Dex+3 Stlth+} (You found it on level 18 of a ziggurat)
 46021 | Zig:19   | Entered Level 19 of a ziggurat
 46078 | Zig:19   | Got a transparent copper ring
 46080 | Zig:19   | Identified the ring of Wufan {rElec rN++ MP+9 Int+4} (You found it on level 19 of a ziggurat)
 46105 | Zig:19   | Got a faintly glowing flail
 46106 | Zig:19   | Identified the +5 flail of Jecivaci {speed, MR+ Str+5 SInv} (You found it on level 19 of a ziggurat)
 46115 | Zig:19   | Got a slimy war axe
 46116 | Zig:19   | Identified the +5 war axe of Fortitude {antimagic, Str+3 SInv} (You found it on level 19 of a ziggurat)
 46119 | Zig:19   | Got a serpentine lead ring
 46121 | Zig:19   | Identified the ring of Qiawukh {rF+ rN+ Int+4} (You found it on level 19 of a ziggurat)
 46275 | Zig:19   | Upgraded the game from 0.19-a0-252-g247cc30 to 0.19-a0-276-g3ff07cd
 46279 | Zig:20   | Entered Level 20 of a ziggurat
 46360 | Zig:20   | Got an ancient long sword
 46361 | Zig:20   | Identified the cursed +2 long sword of the End of Times {slice, rC- Str+3 Stlth+} (You found it on level 20 of a ziggurat)
 46381 | Zig:20   | Got a translucent bronze ring
 46383 | Zig:20   | Identified the ring of Qopt {SustAt rPois rC++ Stlth+} (You found it on level 20 of a ziggurat)
 46408 | Zig:20   | Identified Orarchet's Compendium of Bewitchment (You found it on level 20 of a ziggurat)
 46536 | Zig:21   | Entered Level 21 of a ziggurat
 46545 | Zig:21   | Noticed a greater mummy
 46545 | Zig:21   | Noticed a greater mummy
 46546 | Zig:21   | Noticed a greater mummy
 46546 | Zig:21   | Noticed a greater mummy
 46548 | Zig:21   | Noticed a greater mummy
 46548 | Zig:21   | Noticed a greater mummy
 46548 | Zig:21   | Noticed a greater mummy
 46549 | Zig:21   | Killed a greater mummy
 46549 | Zig:21   | Killed a greater mummy
 46549 | Zig:21   | Killed a greater mummy
 46554 | Zig:21   | Noticed a greater mummy
 46554 | Zig:21   | Killed a greater mummy
 46554 | Zig:21   | Killed a greater mummy
 46554 | Zig:21   | Killed a greater mummy
 46554 | Zig:21   | Killed a greater mummy
 46556 | Zig:21   | Noticed a greater mummy
 46556 | Zig:21   | Noticed a greater mummy
 46562 | Zig:21   | Killed a greater mummy
 46562 | Zig:21   | Killed a greater mummy
 46580 | Zig:21   | Killed a greater mummy
 46649 | Zig:21   | Identified the Collected Works on Malediction and Protection
 46654 | Zig:21   | Identified a +6 rod of shadows (12/12) (You found it on level 21 of a ziggurat)
 46657 | Zig:21   | Got an ancient ivory ring
 46659 | Zig:21   | Identified the cursed ring "Kiashrir" {rN+ EV-3} (You found it on level 21 of a ziggurat)
 46682 | Zig:21   | Got a scorched platinum ring
 46684 | Zig:21   | Identified the ring "Nimyrchu" {rElec Str+3} (You found it on level 21 of a ziggurat)
 46700 | Zig:21   | Identified the Handbook of the Captivating Compass
 47178 | Crypt:1  | Entered Level 1 of the Crypt
 47246 | Crypt:1  | Reached skill level 5 in Polearms
 48302 | Crypt:2  | Reached skill level 10 in Translocations
 48727 | Crypt:3  | Entered Level 3 of the Crypt
 48857 | Crypt:3  | Found an ancient bone altar of Kikubaaqudgha.
 48870 | Crypt:3  | Reached skill level 27 in Invocations
 48986 | Crypt:3  | Found a staircase to the Tomb.
 48986 | Crypt:3  | Noticed an ancient lich
 48994 | Crypt:3  | Killed an ancient lich
 49124 | Crypt:3  | Identified Xerercho's Thorough Guide to Sorcery
 49388 | Crypt:3  | Got a pair of faintly humming boots
 49407 | Crypt:3  | Identified the +0 pair of boots "Damoc" {rC+ MP+9} (You found it on level 3 of the Crypt)
 50052 | Elf:1    | Entered Level 1 of the Elven Halls
 50196 | Elf:1    | Found Paskaxir's Distillery.
 50209 | Elf:1    | Bought a potion of agility for 76 gold pieces
 50209 | Elf:1    | Bought a potion of agility for 76 gold pieces
 50458 | Elf:1    | Noticed Louise
 50467 | Elf:1    | Killed Louise
 51115 | Elf:2    | Found Bituw's Assorted Antiques.
 51136 | Elf:2    | Bought a potion of haste for 290 gold pieces
 51342 | Elf:2    | Found a runed gate.
 51342 | Elf:2    | Found a runed gate.
 51343 | Elf:2    | Found a runed gate.
 51582 | Elf:2    | Got a coiled golden ring
 51901 | Elf:3    | Entered Level 3 of the Elven Halls
 52018 | Elf:3    | Reached skill level 10 in Polearms
 52161 | Elf:3    | Identified the ring "Vaots" {rPois rN+++ MR++ Dex-4 Stlth+} (You took it off a deep elf mage on level 2 of the Elven Halls)
 52172 | Elf:3    | Identified the Almanac of Poison and Attacks
 52188 | Elf:3    | Got a shimmering morningstar
 52189 | Elf:3    | Identified the +9 morningstar "Azuocs" {freeze, rPois} (You found it on level 3 of the Elven Halls)
 52282 | Elf:3    | Identified the Almanac of Transmigration and Dark Rituals (You found it on level 3 of the Elven Halls)
 52384 | Elf:3    | Reached skill level 1 in Summonings
 52713 | Hell     | Entered the Vestibule of Hell
 52713 | Hell     | Noticed Geryon
 52722 | Hell     | Noticed Murray
 52729 | Hell     | Killed Geryon
 52729 | Hell     | Killed Murray
 52817 | Hell     | Found a gateway to the ashen valley of Gehenna.
 52866 | Depths:4 | Voluntarily entered the Abyss.
 53266 | Abyss:2  | Gained mutation: Scrolls take you a little longer to read. [evolution]
 53566 | Abyss:2  | Found a corrupted altar of Lugonu.
 53848 | Abyss:4  | Reached skill level 5 in Summonings
 53872 | Abyss:5  | Entered Level 5 of the Abyss
 54025 | Abyss:5  | Gained mutation: You passively map a small area around you. [a neqoxec]
 54182 | Abyss:5  | Gained mutation: You tend to lose your temper in combat. [a neqoxec]
 54229 | Depths:4 | Escaped the Abyss
 54243 | Depths:4 | Voluntarily entered the Abyss.
 54252 | Abyss:1  | Got a pair of encrusted boots
 54266 | Abyss:1  | Paralysed by accursed screaming for 1 turns
 54360 | Abyss:1  | Noticed an ancient lich
 54368 | Abyss:1  | Killed an ancient lich
 54370 | Depths:4 | Escaped the Abyss
 54372 | Depths:4 | Voluntarily entered the Abyss.
 54431 | Abyss:1  | Found a corrupted altar of Lugonu.
 55274 | Abyss:4  | Reached skill level 10 in Summonings
 55582 | Abyss:4  | Found a glowing golden altar of the Shining One.
 55620 | Abyss:4  | Noticed a juggernaut
 55626 | Abyss:4  | Killed a juggernaut
 55629 | Abyss:4  | Got an abyssal rune of Zot
 55633 | Abyss:5  | Entered Level 5 of the Abyss
 55640 | Depths:4 | Escaped the Abyss
 55734 | D:15     | Identified the cursed +0 pair of boots of Vamivoll {Regen+ rCorr Int-3 Stlth+} (You found it on level 1 of the Abyss)
 55824 | D:13     | Learned a level 1 spell: Apportation
 55826 | D:13     | Learned a level 1 spell: Summon Butterflies
 56000 | Hell     | Found a gateway to the freezing wastes of Cocytus.
 56019 | Coc:1    | Entered Level 1 of Cocytus
 56237 | Coc:3    | Reached skill level 15 in Axes
 56749 | Coc:7    | Entered Level 7 of Cocytus
 56822 | Coc:7    | Noticed Antaeus
 56844 | Coc:7    | Killed Antaeus
 56854 | Coc:7    | Got an icy rune of Zot
 57125 | Coc:7    | Identified the Compendium of Sinister Rituals (You found it on level 7 of Cocytus)
 57232 | Coc:7    | Noticed the Serpent of Hell
 57251 | Coc:7    | Killed the Serpent of Hell
 57450 | Coc:7    | Lost mutation: You tend to lose your temper in combat. [evolution]
 58067 | Coc:7    | Reached skill level 27 in Fighting
 58120 | Coc:7    | Got a smoking platinum amulet
 58436 | Geh:1    | Entered Level 1 of Gehenna
 58688 | Geh:4    | Reached skill level 10 in Maces & Flails
 59072 | Geh:7    | Entered Level 7 of Gehenna
 59320 | Geh:7    | Identified the Disquisition on Dusty Confrontation
 59397 | Geh:7    | Noticed an ancient lich
 59400 | Geh:7    | Killed an ancient lich
 59413 | Geh:7    | Identified the Almanac of Burning Malediction
 59506 | Geh:7    | Noticed Asmodeus
 59515 | Geh:7    | Killed Asmodeus
 59525 | Geh:7    | Got an obsidian rune of Zot
 59703 | Hell     | Found a gateway to the Iron City of Dis.
 59708 | Dis:1    | Entered Level 1 of the Iron City of Dis
 59768 | Dis:2    | Reached skill level 10 in Shields
 60608 | Dis:7    | Entered Level 7 of the Iron City of Dis
 60860 | Dis:7    | Identified a +4 rod of clouds (13/13) (You found it on level 7 of the Iron City of Dis)
 60862 | Dis:7    | Identified the amulet of Mutsuh {+Rage Slay+3} (You took it off a skeletal warrior on level 7 of Cocytus)
 60869 | Dis:7    | Got a translucent trident
 60872 | Dis:7    | Identified the +3 trident of Disharmony {flame, rF+} (You found it on level 7 of the Iron City of Dis)
 60877 | Dis:7    | Got a smoking sapphire amulet
 60880 | Dis:7    | Identified the amulet of the Quahog {Inacc *Contam rElec MR- MP+9} (You found it on level 7 of the Iron City of Dis)
 61373 | Dis:7    | Gained mutation: You are dopey. (Int -2) [a cacodemon]
 61375 | Dis:7    | Gained mutation: You are frail. (-10% HP) [a cacodemon]
 61380 | Dis:7    | Gained mutation: You expend magic power (3 MP) to strengthen your wands. [a cacodemon]
 61397 | Dis:7    | Gained mutation: You are very frail. (-20% HP) [a cacodemon]
 61402 | Dis:7    | Gained mutation: You are weak. (Str -2) [a cacodemon]
 61404 | Dis:7    | Lost mutation: You are very frail. (-20% HP) [a cacodemon]
 61536 | Dis:7    | Gained mutation: You are very frail. (-20% HP) [a cacodemon]
 61709 | Dis:7    | Noticed Dispater
 61728 | Dis:7    | Killed Dispater
 61741 | Dis:7    | Got an iron rune of Zot
 61957 | Hell     | Lost mutation: You are dopey. (Int -2) [potion of cure mutation]
 61957 | Hell     | Lost mutation: You expend magic power (3 MP) to strengthen your wands. [potion of cure mutation]
 61957 | Hell     | Lost mutation: You are highly resistant to hostile enchantments. (MR++) [potion of cure mutation]
 61957 | Hell     | Lost mutation: You are resistant to hostile enchantments. (MR+) [potion of cure mutation]
 61957 | Hell     | Lost mutation: You are very frail. (-20% HP) [potion of cure mutation]
 61997 | Hell     | Lost mutation: You are frail. (-10% HP) [potion of cure mutation]
 61997 | Hell     | Lost mutation: Scrolls take you a little longer to read. [potion of cure mutation]
 61997 | Hell     | Lost mutation: You are weak. (Str -2) [potion of cure mutation]
 61997 | Hell     | Lost mutation: You evolve. [potion of cure mutation]
 61997 | Hell     | Lost mutation: You passively map a small area around you. [potion of cure mutation]
 62000 | Hell     | Gained mutation: You have large cloven feet. [potion of beneficial mutation]
 62045 | Hell     | Found a gateway to the decaying netherworld of Tartarus.
 62053 | Tar:1    | Entered Level 1 of Tartarus
 62148 | Tar:1    | Reached skill level 15 in Maces & Flails
 62180 | Tar:1    | Reached skill level 10 in Spellcasting
 62592 | Tar:7    | Entered Level 7 of Tartarus
 62965 | Tar:7    | flt: coming from top, use a wand of digging
 63031 | Tar:7    | flt: ... and identify the wand before using ;)
 63038 | Tar:7    | Got a faintly glowing turquoise ring
 63040 | Tar:7    | Identified the ring "Quseut" {rElec rF- rC+ Dex+3 SInv} (You found it on level 7 of Tartarus)
 63045 | Tar:7    | Identified Loarph's Compendium of Ignition and Envenoming
 63185 | Tar:7    | flt: there's an emtpy space you missed
 63194 | Tar:7    | flt: above the one you dug through
 63829 | Tar:7    | Noticed Ereshkigal
 63831 | Tar:7    | Killed Ereshkigal
 63852 | Tar:7    | Got a bone rune of Zot
 64685 | Slime:1  | Entered Level 1 of the Pits of Slime
 64784 | Slime:6  | Entered Level 6 of the Pits of Slime
 64795 | Slime:6  | Noticed the Royal Jelly
 64798 | Slime:6  | Killed the Royal Jelly
 65077 | Slime:6  | Got a bloodstained morningstar
 65078 | Slime:6  | Identified the +7 morningstar "Aloistra" {freeze, rPois} (You found it on level 6 of the Pits of Slime)
 65090 | Slime:6  | Identified a +4 rod of ignition (9/9) (You found it on level 6 of the Pits of Slime)
 65198 | Slime:6  | Got a pair of pitted boots
 65209 | Slime:6  | Identified the +2 pair of boots of Defiance {rElec rPois rF++ MR-} (You found it on level 6 of the Pits of Slime)
 65221 | Slime:6  | Got a scorched chain mail
 65236 | Slime:6  | Identified the +5 chain mail of Failure {*Confuse Int+4} (You found it on level 6 of the Pits of Slime)
 65274 | Slime:6  | Got a slimy rune of Zot
 65296 | Slime:6  | Got a smoking glass ring
 65298 | Slime:6  | Identified the ring of Noetoweang {+Fly rC+ Str+3 Int-5 Stlth+} (You found it on level 6 of the Pits of Slime)
 65389 | Slime:5  | Reached skill level 27 in Dodging
 65441 | Slime:3  | Gained mutation: Armour fits poorly on your strangely shaped body. [a shining eye]
 65481 | Slime:3  | Gained mutation: You are somewhat resistant to further mutation. [a shining eye]
 65527 | Slime:2  | Reached skill level 27 in Armour
 65839 | Lair:1   | Lost mutation: You possess an exceptional clarity of mind. [potion of cure mutation]
 65839 | Lair:1   | Lost mutation: You are somewhat resistant to further mutation. [potion of cure mutation]
 66098 | Vaults:1 | You showed the slimy rune of Zot to enter a treasure trove
 66099 | Trove    | Entered a treasure trove
 66121 | Trove    | Got an ancient broad axe
 66122 | Trove    | Identified the +3 broad axe of Mixonnes {venom, MP+9 Str+4} (You found it in a treasure trove)
 66129 | Trove    | Identified a +5 rod of inaccuracy (10/10) (You found it in a treasure trove)
 66142 | Trove    | Got a smoking lapis lazuli ring
 66144 | Trove    | Identified the ring of Winter {MR+ Str+3 Stlth-} (You found it in a treasure trove)
 66411 | Depths:4 | Learned a level 8 spell: Necromutation
 66529 | Hell     | Lost mutation: Armour fits poorly on your strangely shaped body. [potion of cure mutation]
 66529 | Hell     | Lost mutation: You have large cloven feet. [potion of cure mutation]
 66829 | Tomb:1   | Entered Level 1 of the Tomb of the Ancients
 66891 | Tomb:1   | Reached skill level 1 in Necromancy
 66898 | Tomb:1   | Reached skill level 1 in Transmutations
 67029 | Tomb:1   | Noticed a greater mummy
 67041 | Tomb:1   | Killed a greater mummy
 67118 | Tomb:1   | Noticed a greater mummy
 67122 | Tomb:1   | Noticed an ancient lich
 67129 | Tomb:1   | Killed a greater mummy
 67133 | Tomb:1   | Killed an ancient lich
 67670 | Tomb:2   | Noticed a greater mummy
 67671 | Tomb:2   | Noticed a greater mummy
 67672 | Tomb:2   | Noticed a greater mummy
 67672 | Tomb:2   | Noticed a greater mummy
 67676 | Tomb:2   | Killed a greater mummy
 67676 | Tomb:2   | Reached skill level 5 in Necromancy
 67676 | Tomb:2   | Killed a greater mummy
 67676 | Tomb:2   | Killed a greater mummy
 67679 | Tomb:2   | Killed a greater mummy
 67870 | Tomb:2   | Learned a level 5 spell: Aura of Abjuration
 68066 | Tomb:1   | Noticed a greater mummy
 68066 | Tomb:1   | Noticed a greater mummy
 68077 | Tomb:1   | Killed a greater mummy
 68078 | Tomb:1   | Killed a greater mummy
 68078 | Tomb:1   | Reached skill level 5 in Transmutations
 68130 | Tomb:1   | Noticed a greater mummy
 68138 | Tomb:1   | Killed a greater mummy
 68140 | Tomb:1   | Noticed a greater mummy
 68148 | Tomb:1   | Killed a greater mummy
 68150 | Tomb:1   | Noticed a greater mummy
 68160 | Tomb:1   | Killed a greater mummy
 68162 | Tomb:1   | Noticed a greater mummy
 68170 | Tomb:1   | Killed a greater mummy
 68171 | Tomb:1   | Noticed a greater mummy
 68189 | Tomb:1   | Killed a greater mummy
 68236 | Tomb:1   | Noticed a greater mummy
 68242 | Tomb:1   | Killed a greater mummy
 68414 | Tomb:1   | Noticed a greater mummy
 68423 | Tomb:1   | Killed a greater mummy
 68458 | Tomb:1   | Noticed a greater mummy
 68467 | Tomb:1   | Noticed a greater mummy
 68470 | Tomb:1   | Killed a greater mummy
 68473 | Tomb:1   | Killed a greater mummy
 68534 | Tomb:1   | Noticed a greater mummy
 68542 | Tomb:1   | Killed a greater mummy
 68682 | Tomb:3   | Entered Level 3 of the Tomb of the Ancients
 68710 | Tomb:3   | Noticed a greater mummy
 68717 | Tomb:3   | Noticed a greater mummy
 68721 | Tomb:3   | Noticed a greater mummy
 68725 | Tomb:3   | Noticed a greater mummy
 68727 | Tomb:3   | Killed a greater mummy
 68727 | Tomb:3   | Killed a greater mummy
 68727 | Tomb:3   | Killed a greater mummy
 68728 | Tomb:3   | Noticed a greater mummy
 68731 | Tomb:3   | Killed a greater mummy
 68741 | Tomb:3   | Killed a greater mummy
 68767 | Tomb:3   | Noticed a greater mummy
 68769 | Tomb:3   | Noticed an ancient lich
 68779 | Tomb:3   | Killed an ancient lich
 68780 | Tomb:3   | Killed a greater mummy
 68799 | Tomb:3   | Noticed a greater mummy
 68809 | Tomb:3   | Killed a greater mummy
 68826 | Tomb:3   | Noticed a greater mummy
 68839 | Tomb:3   | Killed a greater mummy
 68843 | Tomb:3   | Got a golden rune of Zot
 68944 | Tomb:3   | Got an encrusted battleaxe
 68945 | Tomb:3   | Identified the +10 battleaxe "Diow Fai" {flame, Dex+4} (You found it on level 3 of the Tomb of the Ancients)
 68980 | Tomb:3   | Got a slimy mace
 68981 | Tomb:3   | Identified the +11 mace "Baomel" {venom, MR+ Str+5 Int+3} (You found it on level 3 of the Tomb of the Ancients)
 69212 | Tomb:3   | Got a scorched brass ring
 69214 | Tomb:3   | Identified the ring "Muschaca" {-Tele Str+5 Dex+3} (You found it on level 3 of the Tomb of the Ancients)
 69258 | Tomb:3   | Got a warped battleaxe
 69264 | Tomb:3   | Identified the +5 battleaxe "Lipn" {chop, rElec Dex+3} (You found it on level 3 of the Tomb of the Ancients)
 70344 | Hell     | Upgraded the game from 0.19-a0-276-g3ff07cd to 0.19-a0-288-g67c72eb
 70409 | Pan      | Entered Pandemonium
 70429 | Pan      | Found an exit through the horrors of the Abyss.
 70449 | Pan      | Noticed Tenlase the pandemonium lord
 70457 | Pan      | Killed Tenlase the pandemonium lord
 70457 | Pan      | Reached skill level 10 in Necromancy
 71573 | Pan      | Noticed Latso the pandemonium lord
 71575 | Pan      | Reached skill level 15 in Spellcasting
 71575 | Pan      | Killed Latso the pandemonium lord
 71981 | Pan      | Found an exit through the horrors of the Abyss.
 72329 | Pan      | Gained mutation: You possess an exceptional clarity of mind. [potion of beneficial mutation]
 72391 | Pan      | Found an exit through the horrors of the Abyss.
 72494 | Pan      | Noticed Zeofango the pandemonium lord
 72517 | Pan      | Killed Zeofango the pandemonium lord
 72589 | Pan      | Gained mutation: You regenerate slowly when monsters are visible. [a neqoxec]
 72865 | Pan      | Noticed Xummyil the pandemonium lord
 72893 | Pan      | Killed Xummyil the pandemonium lord
 72923 | Pan      | Got an encrusted lajatang
 72924 | Pan      | Identified the +3 lajatang of the Doomed Warrior {slice, rPois rC+} (You found it in Pandemonium)
 73027 | Pan      | Found an exit through the horrors of the Abyss.
 73407 | Pan      | Took an exit into the Abyss.
 73407 | Abyss:1  | Escaped into the Abyss
 73462 | Depths:3 | Escaped the Abyss
 73828 | Hell     | Lost mutation: You possess an exceptional clarity of mind. [potion of cure mutation]
 73828 | Hell     | Lost mutation: You regenerate slowly when monsters are visible. [potion of cure mutation]
 73897 | Pan      | Entered Pandemonium
 74029 | Pan      | Reached skill level 10 in Transmutations
 74120 | Pan      | Noticed Coutucza the pandemonium lord
 74139 | Pan      | Killed Coutucza the pandemonium lord
 74287 | Pan      | Found an exit through the horrors of the Abyss.
 74644 | Pan      | Got a shimmering cloak
 74657 | Pan      | Identified the +2 cloak "Yshap" {Str+3} (You found it in Pandemonium)
 75002 | Pan      | Found an exit through the horrors of the Abyss.
 75365 | Pan      | Found a runed door.
 75382 | Pan      | Found a runed door.
 75383 | Pan      | Noticed Asawnogh the pandemonium lord
 75396 | Pan      | Killed Asawnogh the pandemonium lord
 75397 | Pan      | Found a runed door.
 75400 | Pan      | Found a runed door.
 75407 | Pan      | Got a demonic rune of Zot
 75711 | Pan      | Found an exit through the horrors of the Abyss.
 76139 | Pan      | Found an exit through the horrors of the Abyss.
 76156 | Pan      | Noticed Kuiloeb the pandemonium lord
 76167 | Pan      | Killed Kuiloeb the pandemonium lord
 76269 | Pan      | Found an exit through the horrors of the Abyss.
 76389 | Pan      | Gained mutation: You are weak. (Str -2) [a cacodemon]
 76454 | Pan      | Noticed Vafo the pandemonium lord
 76463 | Pan      | Killed Vafo the pandemonium lord
 76621 | Pan      | Got a steaming trident
 76622 | Pan      | Identified the +8 trident of Objectivity {pierce, Dex+8} (You found it in Pandemonium)
 76891 | Pan      | Got a pair of jewelled gloves
 76906 | Pan      | Identified the +1 pair of gloves of Light {MP+9 SInv} (You found it in Pandemonium)
 76986 | Pan      | Found an exit through the horrors of the Abyss.
 77403 | Pan      | Entered the realm of Lom Lobon.
 77459 | Pan      | Reached skill level 15 in Shields
 77497 | Pan      | Noticed Lom Lobon
 77514 | Pan      | Killed Lom Lobon
 77557 | Pan      | Got a magical rune of Zot
 77807 | Pan      | Noticed Pilat the pandemonium lord
 77811 | Pan      | Killed Pilat the pandemonium lord
 78153 | Pan      | Noticed Xurchac the pandemonium lord
 78179 | Pan      | Killed Xurchac the pandemonium lord
 78234 | Pan      | Noticed Kupamu the pandemonium lord
 78268 | Pan      | Killed Kupamu the pandemonium lord
 78383 | Pan      | Found an exit through the horrors of the Abyss.
 78403 | Pan      | Noticed Leletsox the pandemonium lord
 78423 | Pan      | Killed Leletsox the pandemonium lord
 78587 | Pan      | Reached skill level 15 in Necromancy
 78627 | Pan      | Entered the realm of Cerebov.
 78967 | Pan      | Found an exit through the horrors of the Abyss.
 79063 | Pan      | Noticed Cerebov
 79077 | Pan      | Killed Cerebov
 79106 | Pan      | Got a crude chain mail
 79107 | Pan      | Identified the cursed +0 chain mail of the Trilobite {Dex+4} (You found it in Pandemonium)
 79187 | Pan      | Got a scintillating pewter ring
 79189 | Pan      | Identified the cursed ring "Puoxei" {rC+ Int+5 Dex-5} (You found it in Pandemonium)
 79201 | Pan      | Got a crystal long sword
 79202 | Pan      | Identified the +6 long sword "Zufimopp" {flame, Int+8} (You found it in Pandemonium)
 79250 | Pan      | Got a bloodstained glaive
 79305 | Pan      | Got a fiery rune of Zot
 79410 | Depths:3 | Escaped Pandemonium
 81073 | Pan      | Entered Pandemonium
 81128 | Pan      | Noticed Puysk the pandemonium lord
 81141 | Pan      | Killed Puysk the pandemonium lord
 81265 | Pan      | Noticed Kedususma the pandemonium lord
 81276 | Pan      | Killed Kedususma the pandemonium lord
 81347 | Depths:3 | Escaped Pandemonium
 81436 | Pan      | Entered Pandemonium
 81468 | Pan      | Noticed Ryz Xex the pandemonium lord
 81500 | Pan      | Killed Ryz Xex the pandemonium lord
 81508 | Pan      | Gained mutation: You regenerate slowly when monsters are visible. [a cacodemon]
 81522 | Pan      | Lost mutation: You regenerate slowly when monsters are visible. [potion of cure mutation]
 81522 | Pan      | Lost mutation: You are weak. (Str -2) [potion of cure mutation]
 81618 | Pan      | Noticed Nirat the pandemonium lord
 81641 | Pan      | Killed Nirat the pandemonium lord
 81725 | Pan      | Found a huge runed gate.
 81753 | Pan      | Noticed Piowoiw the pandemonium lord
 81774 | Pan      | Killed Piowoiw the pandemonium lord
 81993 | Pan      | Entered the realm of Mnoleg.
 81997 | Pan      | Gained mutation: You are weak. (Str -2) [a cacodemon]
 82129 | Pan      | Noticed Mnoleg
 82145 | Pan      | Killed Mnoleg
 82163 | Pan      | Got a glowing rune of Zot
 82166 | Pan      | Lost mutation: You are weak. (Str -2) [potion of cure mutation]
 82284 | Pan      | Noticed Paenoucs the pandemonium lord
 82313 | Pan      | Killed Paenoucs the pandemonium lord
 82317 | Pan      | Reached skill level 15 in Transmutations
 82365 | Pan      | Found an exit through the horrors of the Abyss.
 82460 | Pan      | Noticed Myjats the pandemonium lord
 82469 | Pan      | Killed Myjats the pandemonium lord
 82521 | Pan      | Got a smoking flail
 82522 | Pan      | Identified the cursed +1 flail "Loopy" {antimagic, Str+2 Int+2} (You found it in Pandemonium)
 82703 | Pan      | Entered the realm of Gloorx Vloq.
 82717 | Pan      | Noticed Gloorx Vloq
 82733 | Pan      | Killed Gloorx Vloq
 82754 | Pan      | Got a dark rune of Zot
 82965 | Pan      | Found an exit through the horrors of the Abyss.
 82974 | Pan      | Took an exit into the Abyss.
 82974 | Abyss:1  | Escaped into the Abyss
 82989 | Depths:3 | Escaped the Abyss
 83108 | Zot:1    | Entered Level 1 of the Realm of Zot
 83753 | Zot:5    | Entered Level 5 of the Realm of Zot
 83790 | Zot:5    | Noticed an ancient lich
 83791 | Zot:5    | Noticed an orb of fire
 83794 | Zot:5    | Noticed an ancient lich
 83798 | Zot:5    | Killed an orb of fire
 83805 | Zot:5    | Killed an ancient lich
 83806 | Zot:5    | Killed an ancient lich
 83839 | Zot:5    | Noticed an orb of fire
 83843 | Zot:5    | Noticed an ancient lich
 83851 | Zot:5    | Killed an orb of fire
 83857 | Zot:5    | Killed an ancient lich
 83862 | Zot:5    | Noticed an orb of fire
 83865 | Zot:5    | Got the Orb of Zot
 83872 | Zot:5    | Killed an orb of fire
 83882 | Zot:5    | Noticed an ancient lich
 84064 | Depths:4 | Noticed Duphumuo the pandemonium lord
 84075 | Depths:4 | Noticed Vuwn the pandemonium lord
 84078 | Depths:4 | Killed Duphumuo the pandemonium lord
 84085 | Depths:4 | Killed Vuwn the pandemonium lord
 84144 | Depths:2 | Noticed Dexoskit the pandemonium lord
 84144 | Depths:2 | Noticed an ancient lich
 84191 | D:15     | Noticed Wolu the pandemonium lord
 84276 | D:11     | Noticed Tyaco the pandemonium lord
 84286 | D:11     | Killed Tyaco the pandemonium lord
 84454 | D:4      | Noticed Jezipt the pandemonium lord
 84466 | D:4      | Killed Jezipt the pandemonium lord
 84602 | D:1      | Noticed Yleuteav the pandemonium lord
 84612 | D:1      | Killed Yleuteav the pandemonium lord
 84616 | D:1      | Noticed Piw Genn the pandemonium lord
 84633 | D:1      | Killed Piw Genn the pandemonium lord
 84635 | D:$      | Escaped with the Orb!

Vault maps used:
D:1:      onia_arrival_larder, minivault_19
D:2:      kennysheep_big_flooded_room, minitemple, ecumenical_altar_1,
          uniq_terence, uniq_crazy_yiuf_cottage
D:4:      nicolae_ossuary_entry_monument, uniq_pikel, uniq_natasha
D:5:      first_bread, uniq_edmund
D:6:      temple_fountains
D:7:      serial_undead, serial_undead_a, serial_undead_f, serial_undead_d,
          serial_undead_c, minmay_misc_feat_rows, the_bakery,
          uniq_prince_ribbit1
D:8:      david_lair_shrubbed
D:9:      fedhas_bush_and_centaur_altar, trog_ov_bears_minmay, kennysheep_mini,
          orc_0_dummy, grunt_ministairs_15
D:10:     serial_shops, shop, nicolae_shop_waterfront, shop_statue, shop,
          shop_fountains, fungi_pond_lemuel, minivault_14
D:11:     portal_ice_cave_entry_pillars_1, minmay_orc_keep, uniq_maurice
D:13:     grunt_vaults_entry_tiered, serial_shops, nicolae_shop_window_shopping,
          uniq_erolcha, uniq_snorg, uniq_maud, uniq_nessos
D:14:     statuecave_lemuel, serial_co_window_serial,
          co_window_of_opportunity_a, co_window_paths_b, co_window_corner_a,
          co_window_paths_b, co_window_of_opportunity_a, co_window_corner_a,
          co_window_corner_a, co_window_2corner, co_window_broadway_a,
          co_window_2corner, co_window_paths_d, glass_columns_c
D:15:     gammafunk_depths_entry_grave, uniq_agnes, uniq_azrael
Temple:   eino_wide_crystal_templ_15
Lair:1:   infiniplex_staircase_pool
Lair:2:   grunt_megastairs_5, uniq_erica, uniq_urug
Lair:3:   lemuel_ratsnest, grunt_megastairs_4, uniq_gastronok
Lair:5:   spider_nest_entry_web_field, cheibrodos_lair_caveside_slide,
          uniq_josephine
Lair:6:   minmay_shoals_entry_centaurs
Lair:7:   serial_bayou, serial_bayou_pond_d, serial_bayou_shore_b,
          serial_bayou_pond_c, serial_bayou_pond_a, grunt_megastairs_1
Lair:8:   minmay_lair_end_frog_pond, slime_altar_2, lemuel_centaur_altar
Shoals:2: nicolae_shoals_water_shrine
Shoals:4: shoals_end_hangedman, shoal_ilsuiw, nicolae_shoals_drake_roost
Spider:1: hangedman_spider_trapstep
Spider:2: uniq_roxanne
Spider:3: cheibrodos_spider_creepycove, nicolae_spider_webs_and_nodes
Spider:4: grunt_spider_rune_circles, uniq_mara, uniq_kirke, uniq_arachne
Slime:2:  nicolae_slime_phagocytosis
Orc:1:    cheibrodos_orc_bank
Orc:2:    st_orc_mages
Elf:1:    elf_arrival_002, serial_shops, nicolae_shop_waterfront,
          minmay_elf_crystal_hexagon, lemuel_flamethrower_3, uniq_louise
Elf:2:    serial_shops, shop_coins, minmay_misc_feat_diagonals
Elf:3:    minmay_elf_hall_quartered_circle
Vaults:1: hangedman_vaults_pinch, nicolae_vaults_network_quinsquares,
          nicolae_vaults_ring_of_whatevers, st_lines,
          nicolae_vaults_yaktaur_gun_rack, serial_shops, shop, enter_trove_3
Vaults:2: v_alt_pattern_1, hangedman_vaults_nails, nicolae_vaults_back_hallway,
          vaults_room_fancy_cross, hangedman_vaults_nodes,
          nicolae_vaults_big_angled_halls, ontoclasm_vaults_bender, v_misc_28,
          vaults_room_pools, nicolae_vaults_lopsided_apartments, v_misc_24,
          grunt_vaults_hallway_short, vaults_room_grid,
          ontoclasm_vaults_loading_screen, grunt_vaults_swirl, v_misc_11
Vaults:3: vaults_mumra_minichess, ontoclasm_vaults_twist, vaults_room_door_hall,
          v_pattern_2, nicolae_vaults_diagonal_hallway_8, v_rooms_4,
          minmay_crypt_entry_necro_gods, nicolae_vaults_meeting,
          hangedman_vaults_corner_blocks, v_misc_3, nicolae_vaults_rhombus_5,
          vaults_room_corners
Vaults:4: v_misc_12, nicolae_vaults_what_the_h, nicolae_vaults_rhombus_6,
          nicolae_vaults_quartermaster, vaults_room_pools,
          nicolae_vaults_circle_grid_a, vaults_room_pools,
          nicolae_vaults_border_crossing, hangedman_vaults_maws,
          vaults_room_semicircle, nicolae_vaults_circle_grid_b,
          nicolae_vaults_little_squares_4, v_misc_4,
          nicolae_vaults_specimen_jars, ontoclasm_vaults_chip, serial_shops,
          nicolae_shop_waterfront
Vaults:5: serial_shops, uniq_boris, uniq_jorgrun, uniq_frederick, uniq_mennas
Crypt:1:  feat_on_display, grunt_crypt_arrival_split, grunt_megastairs_3
Crypt:2:  serial_sigils, serial_sigils_hangedman_shear,
          serial_sigils_hangedman_scar, serial_sigils_hangedman_gut,
          serial_sigils_hangedman_gut, serial_sigils_hangedman_shear,
          serial_sigils_hangedman_shear, minmay_misc_feat_ornament,
          grunt_ministairs_12
Crypt:3:  grunt_crypt_end_deaths_head
Depths:1: hell_entry, kennysheep_generic_room_8, serial_bayou_shore_b
Depths:2: grunt_crosshair, hellmouth_1, mu_enter_wizlab_4
Depths:3: minmay_nine_rooms, hell_entry, serial_shops,
          nicolae_shop_temple_entry_statues_fountains, minmay_holes, pan_entry,
          minivault_16, grunt_ministairs_7, infiniplex_staircase_diamond,
          uniq_margery, uniq_asterion, uniq_jory, uniq_boris, uniq_sojobo
Depths:4: kennysheep_four_of_diamonds, enter_ziggurat_a, pan_entry, abyss_entry,
          special_room, grunt_mini_vestibule, infiniplex_staircase_squiggle,
          uniq_enchantress
Depths:5: grunt_zot_entry_bicorn, hell_entry, abyss_entry, nicolae_two_hexagons,
          nrook_mini_vaults, roderic_ancient_swastika,
          hangedman_decor_slide_cut, uniq_boris
Dis:3:    door_vault
Dis:6:    lemuel_elevator, grunt_megastairs_2
Dis:7:    dis_st
Geh:2:    lemuel_hellish_altar
Geh:5:    lemuel_elevator
Geh:7:    geh_grunt
Coc:5:    serial_ice, serial_ice_h
Coc:7:    coc_mu
Tar:3:    nicolae_tar_cuneiform_heaven
Tar:5:    evilmike_ambush
Tar:7:    tar_mu
Zot:3:    circus_mu, guppyfry_library_mini, lemuel_elevator
Zot:4:    grunt_ministairs_5, hangedman_player_shredder, basic_stair_grate_trap
Zot:5:    st_stairs_12
Abyss:1:  evilmike_abyss_exit_2, hangedman_abyss_stitches_cave
Abyss:2:  hangedman_abyss_monster_moat
Abyss:3:  evilmike_abyss_exit_mutagenic, nicolae_abyss_rune_left_handed,
          hangedman_abyss_feature_spike
Abyss:4:  evilmike_abyss_exit_glass, nicolae_abyss_rune_star_stuff,
          bh_abyss_exit_grid, hangedman_abyss_overflow_altar,
          hangedman_abyss_rune_macabre_mess, evilmike_abyss_exit_10
Abyss:5:  due_evilmike_abyss_rune_seething_liches,
          hangedman_classic_abyss_death, hangedman_abyss_exit_choices
Pan:      rand_demon_1, nicolae_pan_glass_arcs, nicolae_pan_glass_arcs,
          nicolae_pan_mnolegish_2, nicolae_pan_door_chamber,
          pan_blood_fountain_small, nicolae_pan_hourglass,
          evilmike_mini_pan_pillars, pan_blood_fountain_2,
          nicolae_pan_sigil_eeng, rand_demon_7, pan_blood_fountain,
          evilmike_mini_pan_possible_glass, nicolae_pan_gloorx_vloqian_1,
          evilmike_mini_pan_doors, nicolae_pan_sigil_itan,
          nicolae_pan_hourglass, pan_blood_fountain_2, rand_demon_9,
          pan_blood_fountain, nicolae_pan_giant_door, evilmike_mini_pan_thingy,
          reaverb_pan_figure_eight, lom_lobon_grunt_wind_tunnels,
          pan_blood_fountain_small, rand_demon_8, grunt_pan_pentagram,
          nicolae_pan_sigil_obb, nicolae_pan_double_arrow, rand_demon_8,
          nicolae_pan_glass_arcs, pan_blood_fountain_small, rand_demon_3,
          cerebov, grunt_pan_pentagram, nicolae_pan_glass_arcs,
          evilmike_mini_pan_thingy, evilmike_mini_pan_rooms,
          nicolae_pan_giant_door, reaverb_pan_squares,
          evilmike_mini_pan_pillars, rand_demon_8, pan_blood_fountain,
          pan_blood_fountain_2, nicolae_pan_gloorx_vloqian_4, mnoleg,
          evilmike_mini_pan_pillars_b, nicolae_pan_cerebovesque_3,
          evilmike_mini_pan_doors, pan_blood_fountain, grunt_pan_zigzag,
          evilmike_mini_pan_pillars, nicolae_pan_cerebovesque_3,
          nicolae_pan_sigil_nadil, gloorx_vloq_grunt, pan_blood_fountain_2
Zig:1:    ziggurat_pillar_centre_c
Zig:10:   ziggurat_loot_1
Zig:12:   ziggurat_pillar_centre_smoke
Zig:13:   ziggurat_pillar_centre_oklobs
Zig:18:   ziggurat_pillar_centre_more_plants
Trove:    trove_simple
Ossuary:  ossuary_boxes_badplayer
IceCv:    ice_cave_caverns_03
WizLab:   wizlab_cigotuvi

Skill      XL: |  1  2  3  4  5  6  7  8  9 10 11 12 13 14 15 16 17 18 19 20 21 22 23 24 25 26 27 |
---------------+----------------------------------------------------------------------------------+-----
Dodging        | 1 2 3 4 5 6 7 8 9 10 11 12 13 14 15 16 17 18 27 | 27.0
Long Blades    | 2 3 4 5 6 7 8 9 10 11 12 | 12.2
Armour         | 3 4 5 7 8 9 10 11 12 13 14 15 16 17 18 27 | 27.0
Shields        | 3 4 5 6 7 17 | 17.9
Fighting       | 4 5 6 7 8 9 10 11 12 13 14 15 16 17 18 19 20 27 | 27.0
Invocations    | 4 7 9 10 12 13 14 15 16 17 18 19 20 21 22 23 24 27 | 27.0
Evocations     | 1 3 4 5 6 7 8 9 10 11 | 11.2
Maces & Flails | 2 3 4 5 6 7 8 9 17 | 17.8
Spellcasting   | 1 3 4 5 6 7 20 | 20.9
Polearms       | 2 4 13 | 13.7
Axes           | 4 7 9 10 22 | 22.9
Translocations | 11 | 11.2
Summonings     | 14 | 14.0
Necromancy     | 20 | 20.4
Transmutations | 17 | 17.7

Action                   |  1- 3 |  4- 6 |  7- 9 | 10-12 | 13-15 | 16-18 | 19-21 | 22-24 | 25-27 || total
-------------------------+-------+-------+-------+-------+-------+-------+-------+-------+-------++-------
Melee: Long sword        |   287 |   295 |   444 |   513 |       |       |       |       |       ||  1539
       Headbutt          |       |    55 |    78 |   280 |   322 |   396 |   217 |   354 |  2884 ||  4586
       Unarmed           |       |       |    19 |       |       |       |       |       |       ||    19
       Falchion          |       |       |       |   434 |       |       |       |       |       ||   434
       Mace              |       |       |       |   199 |    48 |       |       |       |     4 ||   251
       Scimitar          |       |       |       |    25 |  1295 |   938 |   127 |       |       ||  2385
       Trident           |       |       |       |       |       |   158 |       |       |   608 ||   766
       Demon blade       |       |       |       |       |       |   100 |       |       |       ||   100
       Great mace        |       |       |       |       |       |   135 |   517 |    70 |       ||   722
       Battleaxe         |       |       |       |       |       |       |       |   940 |  5963 ||  6903
       Broad axe         |       |       |       |       |       |       |       |       |   971 ||   971
       Morningstar       |       |       |       |       |       |       |       |       |   760 ||   760
       Kick              |       |       |       |       |       |       |       |       |     3 ||     3
 Fire: Blowgun           |       |       |       |       |       |       |       |     2 |       ||     2
 Cast: Blink             |       |       |       |       |       |       |       |       |    77 ||    77
       Aura of Abjuratio |       |       |       |       |       |       |       |       |    19 ||    19
       Necromutation     |       |       |       |       |       |       |       |       |    16 ||    16
       Apportation       |       |       |       |       |       |       |       |       |     8 ||     8
Invok: Upheaval          |       |       |       |     8 |     2 |     8 |     5 |     3 |    58 ||    84
       Elemental Force   |       |       |       |     2 |     3 |    12 |     1 |     4 |     4 ||    26
       Disaster Area     |       |       |       |       |     1 |       |     3 |     8 |    59 ||    71
 Abil: Evoke Flight      |       |       |       |       |       |       |       |       |     1 ||     1
Evoke: Wand              |       |       |     5 |    29 |    10 |    54 |     2 |     6 |    22 ||   128
       Lamp of fire      |       |       |       |       |       |       |       |     1 |     2 ||     3
       Box of beasts     |       |       |       |       |       |       |       |       |     7 ||     7
       Fan of gales      |       |       |       |       |       |       |       |       |     2 ||     2
       Stone of tremors  |       |       |       |       |       |       |       |       |     2 ||     2
       Deck              |       |       |       |       |       |       |       |       |     1 ||     1
       Phantom mirror    |       |       |       |       |       |       |       |       |     1 ||     1
  Use: Scroll            |     4 |     3 |    12 |    10 |    15 |     7 |     4 |    18 |   102 ||   175
       Potion            |       |       |       |     6 |     7 |    12 |     6 |     5 |    48 ||    84
 Stab: Distracted        |       |       |       |     1 |       |     5 |       |     1 |     2 ||     9
       Invisible         |       |       |       |       |     1 |       |       |     1 |       ||     2
       Held in net/web   |       |       |       |       |     1 |     2 |       |       |     1 ||     4
       Confused          |       |       |       |       |       |     3 |       |       |       ||     3
       Paralysed         |       |       |       |       |       |    28 |       |       |     1 ||    29
       Sleeping          |       |       |       |       |       |       |       |       |     1 ||     1
  Eat: Chunk             |     2 |     4 |     8 |    23 |    34 |    17 |     2 |     2 |    20 ||   112
       Beef jerky        |       |     1 |       |       |       |     1 |       |     4 |     8 ||    14
       Meat ration       |       |     1 |       |       |       |     2 |     2 |     2 |    11 ||    18
       Fruit             |       |       |       |       |     4 |       |       |     1 |    10 ||    15
       Pizza             |       |       |       |       |     1 |       |       |       |     7 ||     8
       Bread ration      |       |       |       |       |       |     1 |       |     3 |    11 ||    15
       Royal jelly       |       |       |       |       |       |       |       |       |     1 ||     1
Armor: Scale mail        |    56 |       |       |       |       |       |       |       |       ||    56
       Storm dragon armo |   132 |   154 |   292 |   558 |   386 |   915 |   295 |   456 |    16 ||  3204
       Gold dragon armou |       |       |       |       |       |       |       |    34 |  3073 ||  3107
       Crystal plate arm |       |       |       |       |       |       |       |       |   566 ||   566
Dodge: Dodged            |    76 |    91 |   172 |   538 |   913 |  1721 |   695 |  1366 |  8399 || 13971
       Deflected         |       |       |       |     3 |    32 |    67 |    28 |    46 |   177 ||   353
Block: Shield            |   144 |   140 |   272 |  1058 |   324 |       |       |       |       ||  1938
       Other             |       |       |       |       |   622 |  1013 |   476 |   659 |  2367 ||  5137
       Reflection        |       |       |       |       |    38 |    43 |    28 |    43 |   119 ||   271
       Buckler           |       |       |       |       |       |       |       |       |  2575 ||  2575
